Cogmind - Beta 16.1 @@@ ROGUE MODE // 2026.02.12 @ 21:13:57 Player: FrigidRock Result: Destroyed by P-80 Master with Gamma Rifle Performance ------------- Evolutions (9) 4500 Regions Visited (30) 6000 Robots Destroyed (472) 2360 Value Destroyed (25577) 25577 Prototype IDs (31) 620 Alien Tech Used (0) 0 Bonus (17528) 17528 TOTAL SCORE: 56585 Bonus ------- High Alert Combat Kills 5038 Follower Combat Kills 5905 Entered Garrisons 2200 Used RIF Installer 5000 Friendly Fire -615 Cogmind --------- Core Integrity 0/1600 Matter 283/300 Energy 40/100 System Corruption 15% Temperature Cool (24) Movement Core (250) Ox4 Location -1/Garrison Parts ------- > --- POWER (2) -------- (None) > --- PROPULSION (8) --- (None) > --- UTILITY (12) ----- Advanced Signal Interpreter Advanced Signal Interpreter Advanced Launcher Guidance Computer Improved Target Analyzer Hacking Suite > --- WEAPON (3) ------- Enhanced Nova Cannon > --- INVENTORY (5) ---- Large Storage Unit Gamma Bomb Array Advanced Remote Datajack Improved Plasma Cutter Peak State ------------ > --- POWER ------------ Antimatter Reactor Quantum Reactor > --- PROPULSION ------- Myomer Leg Biometal Leg Centrium Leg Centrium Leg Centrium Leg > --- UTILITY ---------- High-capacity Storage Unit Experimental Energy Well Kinecellerator Improved Medium Armor Plating Experimental Focal Shield Advanced Remote Force Field Relay Coupler [Grunt] Relay Coupler [Duelist] Relay Coupler [Sentry] Relay Coupler [Behemoth] Improved Corruption Screen > --- WEAPON ----------- Heavy Wave Gun Improved KE Penetrator Improved KE Penetrator > --- INVENTORY -------- Improved Heavy Siege Treads Improved Heavy Siege Treads Advanced Heat Sink Advanced Heat Sink Matter Compressor Improved Hacking Suite Advanced Hacking Suite Relay Coupler [Specialist] Relay Coupler [Heavy] Relay Coupler [Heavy] Relay Coupler [Proto] Compact HERF Cannon Compact HERF Cannon Enhanced Nova Cannon Gamma Bomb Array Advanced Remote Datajack Advanced Remote Datajack Improved Plasma Cutter [Rating: 150] Favorites ----------- Power Deuterium Engine Engine Deuterium Engine Power Core Light Fission Core Reactor Particle Reactor Propulsion Advanced Treads Treads Advanced Treads Leg Carbon-fiber Leg Wheel Armored Huge Wheel Hover Unit Antigrav System Flight Unit Improved Diametric Drive Utility High-capacity Storage Unit Device Advanced Heat Sink Storage High-capacity Storage Unit Processor Core Analyzer Hackware Relay Coupler [Sentry] Protection Hardened Light Armor Plating Weapon Enhanced Autogun Energy Gun Improved EM Shotgun Energy Cannon Compact Ion Cannon Ballistic Gun Enhanced Autogun Ballistic Cannon Enhanced Gauss Cannon Launcher Rocket Launcher Special Weapon Improved Remote Datajack Special Melee Weapon Improved Datajack Build | -11 -10 -10 -9 -9 -8 -8 -8 -8 -8 -8 -7 -7 -6 -6 -6 -6 -5 -5 -5 -5 -5 -5 -4 -4 -3 -3 -2 -2 -1 -1 ------- Run | Yrd Mat Min Mat Min Mat Gar Mat Gar Mat Gar Fac Gar Fac Gar Fac Gar Fac Was Fac Gar Fac Gar Fac Gar Res Tes Res Gar Acc Gar Slots Evolved 18 | . . . 2 . 2 . . . . . 2 . 2 . . . 2 . . . . . 2 . 2 . 2 . 2 . Power 1 | . . . . . . . . . . . . . . . . . . . . . . . 1 . . . . . . . Propulsion 6 | . . . 1 . 1 . . . . . . . . . . . . . . . . . 1 . . . 2 . 1 . Utility 10 | . . . . . 1 . . . . . 2 . 2 . . . 2 . . . . . . . 2 . . . 1 . Weapon 1 | . . . 1 . . . . . . . . . . . . . . . . . . . . . . . . . . . Parts Attached 410 | 7 8 . 22 1 15 10 14 14 15 5 7 11 14 17 13 14 18 1 29 20 17 31 8 43 24 8 19 . 5 . Power 34 | 1 1 . 3 . . . 1 1 1 . 2 2 . 1 . . 1 . 2 2 2 2 1 6 2 . 3 . . . Engine 17 | 1 1 . 3 . . . 1 . 1 . 2 2 . . . . . . 1 1 1 2 1 . . . . . . . Core 5 | . . . . . . . . 1 . . . . . . . . . . 1 1 1 . . 1 . . . . . . Reactor 12 | . . . . . . . . . . . . . . 1 . . 1 . . . . . . 5 2 . 3 . . . Propulsion 86 | 2 . . 6 . 5 2 5 7 5 . 1 3 1 5 . . 1 . 3 1 3 12 2 9 3 5 3 . 2 . Treads 28 | 2 . . 3 . . . . . 4 . 1 3 1 3 . . 1 . 2 1 3 2 . . 1 1 . . . . Leg 47 | . . . 3 . 5 2 5 7 1 . . . . . . . . . 1 . . 10 2 9 1 . 1 . . . Wheel 3 | . . . . . . . . . . . . . . 2 . . . . . . . . . . . 1 . . . . Hover 4 | . . . . . . . . . . . . . . . . . . . . . . . . . 1 1 1 . 1 . Flight 4 | . . . . . . . . . . . . . . . . . . . . . . . . . . 2 1 . 1 . Utility 177 | 2 3 . 6 . 4 3 5 3 3 4 2 3 8 9 9 8 12 1 17 12 5 12 4 18 10 2 10 . 2 . Device 61 | 1 1 . 2 . 2 . 1 . 2 . . 1 4 4 1 1 7 . 12 3 1 . 1 6 4 . 7 . . . Storage 13 | 1 1 . 2 . . . 2 . . . . . . . . . 1 . 2 1 . . 1 . 1 1 . . . . Processor 14 | . . . . . 1 . . . 1 . 1 . . . 2 . 2 . 2 . . . . . 1 1 2 . 1 . Hackware 61 | . . . . . . 2 1 1 . 2 . . 3 3 4 6 2 1 . 8 4 11 1 7 4 . . . 1 . Protection 28 | . 1 . 2 . 1 1 1 2 . 2 1 2 1 2 2 1 . . 1 . . 1 1 5 . . 1 . . . Artifact . | . . . . . . . . . . . . . . . . . . . . . . . . . . . . . . . Weapon 113 | 2 4 . 7 1 6 5 3 3 6 1 2 3 5 2 4 6 4 . 7 5 7 5 1 10 9 1 3 . 1 . Energy Gun 29 | 1 4 . 7 1 2 . 1 . . . . 1 2 . . 2 . . 1 . . . . 3 2 1 1 . . . Energy Cannon 22 | . . . . . . . . . . 1 2 1 3 1 . . 1 . 4 1 2 2 . 2 1 . . . 1 . Ballistic Gun 24 | 1 . . . . 3 2 1 2 . . . 1 . . . . 1 . . 3 3 2 . 2 2 . 1 . . . Ballistic Cannon 14 | . . . . . . . . 1 2 . . . . . . 3 1 . 1 1 1 . . 3 1 . . . . . Launcher 10 | . . . . . 1 1 . . 4 . . . . . 1 1 . . . . . . 1 . 1 . . . . . Special Weapon 11 | . . . . . . 1 . . . . . . . 1 3 . 1 . 1 . 1 1 . . 2 . . . . . Impact Weapon . | . . . . . . . . . . . . . . . . . . . . . . . . . . . . . . . Slashing Weapon . | . . . . . . . . . . . . . . . . . . . . . . . . . . . . . . . Piercing Weapon . | . . . . . . . . . . . . . . . . . . . . . . . . . . . . . . . Special Melee Weapon 3 | . . . . . . 1 1 . . . . . . . . . . . . . . . . . . . 1 . . . Unidentified Prototypes 21 | . . . 2 . 3 . 3 . 1 . 1 . 1 . . . 2 . . . 2 . . . 3 2 1 . . . Corrupted Parts 2 | . . . . . . . . . . . . . . . . . 1 . . . . . . . 1 . . . . . System Corruption 5 | . . . . . . . . . . . . . . . . . 3 . . . . . . . 2 . . . . . Parts Lost 100 | . 1 . . 1 . 3 2 2 2 2 . 4 4 3 . 4 3 . 4 4 3 6 . 17 14 3 4 3 11 . Power 10 | . . . . . . . . 1 . . . . . . . . 1 . . . . . . 3 2 2 . . 1 . Propulsion 28 | . . . . . . . 1 . 1 . . 3 1 . . . 1 . . 2 1 4 . 4 4 . 2 . 4 . Utility 43 | . 1 . . . . 2 1 . 1 2 . . 2 . . 4 . . 3 2 . 1 . 8 6 1 2 2 5 . Weapon 19 | . . . . 1 . 1 . 1 . . . 1 1 3 . . 1 . 1 . 2 1 . 2 2 . . 1 1 . Highest Loss Streak 9 | . 1 . . 1 . 2 1 2 1 1 . 1 2 2 . 2 2 . 2 2 2 3 . 7 8 3 3 3 9 . To Critical Strikes 1 | . . . . . . . . . . . . . . . . . 1 . . . . . . . . . . . . . Average Backups 14 | 2 9 10 14 14 14 14 14 14 18 18 19 15 18 17 16 18 17 15 7 14 14 14 15 17 17 4 4 5 4 4 Power 1 | . 1 2 1 1 1 1 2 1 1 1 1 1 2 1 1 1 . 1 . 1 1 1 . . . . . . . . Propulsion . | 1 1 1 . . . . . . 2 4 4 1 . . 1 1 . . . . . . . 1 1 . . . . . Utility 6 | . 2 3 5 7 5 5 4 6 5 4 4 6 8 9 8 9 9 7 3 7 9 10 11 10 10 . . 1 1 1 Weapon 4 | . 3 4 5 4 5 5 5 4 7 7 6 4 5 3 3 3 4 3 1 2 1 1 1 2 3 2 2 2 1 1 Tool/Special . | . . . . . . . . . . . . . . . . . . . . . . . . . . . . . . . Unused Backups 66 | . 6 . 14 1 2 2 2 1 2 . 1 3 . 4 . 4 . 6 1 2 1 1 1 2 6 . 3 . . 1 Power 10 | . . . 2 . . . 2 . . . 1 . . 1 . . . 1 . 1 1 1 . . . . . . . . Propulsion 5 | . 2 . . . . . . . . . . . . 1 . . . 1 . . . . . 1 . . . . . . Utility 29 | . 1 . 5 . 1 1 . 1 1 . . 3 . 2 . 3 . 3 . 1 . . 1 . 5 . . . . 1 Weapon 21 | . 3 . 7 1 1 1 . . 1 . . . . . . 1 . 1 1 . . . . 1 . . 3 . . . Tool/Special 1 | . . . . . . . . . . . . . . . . . . . . . . . . . 1 . . . . . Average Slot Usage (%) 91 | . 99 100 99 100 98 99 99 100 99 98 91 95 95 83 82 82 87 67 70 91 96 92 97 94 93 33 55 66 41 23 Engine 5 | . 14 14 11 11 9 9 9 5 9 9 7 7 6 4 . . . . 3 4 3 4 10 2 . 7 . . . . Reactor 1 | . . . . . . . . . . . . . . 1 6 6 4 3 . . . . . 7 8 . 2 4 2 . Treads 12 | . 28 28 11 . . . . . 25 36 30 29 25 14 13 13 11 9 13 16 19 8 . . . 3 3 . . . Leg 11 | . . . 21 33 34 36 35 36 9 . . . . . . . . . 1 . . 8 25 25 22 . . . . . Device 6 | . 5 . . . . . 1 . 7 . . 6 7 7 10 5 13 12 18 18 2 4 . 9 10 . 8 26 12 . Storage 7 | . 14 14 11 11 9 9 9 9 9 9 7 7 6 6 6 6 5 3 2 6 5 5 5 5 4 1 4 4 . . Processor 4 | . . . . . 8 9 9 9 1 . 6 7 6 6 10 9 4 8 5 5 2 . . . 3 2 6 13 15 16 Hackware 11 | . . . . . . 1 . 2 . 5 7 . 11 10 4 14 24 9 . 18 39 38 34 21 23 . . . 3 4 Protection 6 | . 7 14 10 11 8 7 6 6 8 11 6 13 9 7 9 7 2 3 4 . . 1 5 6 3 7 4 2 . . Energy Gun 6 | . 27 28 32 33 10 5 . 5 9 2 . 4 2 . . 3 4 . 3 . . . . 3 3 1 . . . . Energy Cannon 4 | . . . . . . . . . . 4 7 10 12 16 16 9 1 . 9 4 4 5 10 5 4 . . . . 3 Ballistic Gun 6 | . . . . . 16 19 24 15 13 14 8 1 1 . . . 2 3 . 5 6 6 2 1 1 . 3 2 . . Ballistic Cannon 1 | . . . . . . . . . 2 . 2 . . . . 1 4 4 1 4 2 1 . 1 1 . . . . . Peak Build Rating 150 | 7 8 8 29 29 36 32 39 39 39 41 50 56 68 102 102 99 113 106 98 96 81 99 111 136 150 73 121 114 110 37 Average Rating 64 | 5 7 8 22 28 31 31 35 37 37 37 48 50 61 80 94 92 104 85 74 81 74 78 101 118 132 55 101 110 69 35 On Entrance 56 | . 7 8 8 29 28 32 31 37 39 34 41 50 56 58 102 96 99 105 28 95 66 75 96 105 124 3 57 114 97 29 Avg Prop Armor Cover (%) 16 | . . . . . . . . . 3 . . . . . . . . 43 8 . . 9 . 4 20 23 17 . 10 . Naked Turns 12 | . . . . . . . . . . . . . . . . . . . . . . . . . 9 3 . . . . Heaviest Build 135 | 14 20 20 61 42 45 45 44 49 70 70 87 92 85 95 95 90 88 88 80 76 54 67 100 135 133 16 38 38 30 13 Greatest Support 148 | 40 40 40 60 55 65 47 59 60 88 88 88 88 88 135 135 135 135 120 117 117 105 111 126 148 143 20 38 38 41 3 Greatest Overweight (x) 4 | 1 . . 1 . . . 1 . 1 . . 1 . 3 . . . . 1 . . 1 . 1 1 . . . . 4 Average Overweight (x) . | . . . . . . . . . . . . . . . . . . . . . . . . . . . . . . . Largest Inventory Capacity 25 | 8 10 10 20 15 15 15 15 15 20 20 20 20 20 20 20 20 25 20 25 15 25 15 20 25 20 5 5 5 5 5 Average Capacity 16 | 7 9 10 16 15 15 15 15 15 18 20 20 20 20 20 20 20 20 16 9 15 15 15 18 20 19 5 5 5 5 5 Most Carried 20 | 4 10 10 20 15 15 15 15 15 20 20 20 20 20 20 19 20 20 19 15 15 15 15 17 20 20 5 5 5 5 5 Average Carried 15 | 2 9 10 14 14 14 14 14 14 18 18 19 15 18 17 17 19 18 15 8 14 14 14 15 17 18 4 4 5 4 4 Final Capacity 20 | 8 10 10 15 15 15 15 15 15 20 20 20 20 20 20 20 20 20 5 15 15 15 15 20 20 5 5 5 5 5 5 Final Carried 20 | 4 10 10 15 14 15 14 15 13 20 19 20 20 17 18 17 19 19 5 15 15 15 15 14 19 5 5 5 5 5 4 Class Distribution -------------------- 24% | Botlord-Tank 22% | Tank 12% | Gunner 11% | Botlord-Gunner 11% | Mutant 4% | Botlord-Skirmisher 3% | Bothacker-Tank Dominant Class ---------------- Mutant | -10/Materials Mutant | -10/Mines Tank | -9/Materials Tank | -9/Mines Gunner | -8/Materials Gunner | -8/Garrison Gunner | -8/Materials Bothacker-Gunner | -8/Garrison Tank | -8/Materials Tank | -8/Garrison Gunner | -7/Factory Tank | -7/Garrison Bothacker-Tank | -6/Factory Botlord-Tank | -6/Garrison Botlord-Tank | -6/Factory Botlord-Tank | -6/Garrison Botlord-Skirmisher | -5/Factory Botlord-Tank | -5/Waste Tank | -5/Factory Botlord-Tank | -5/Garrison Botlord-Gunner | -5/Factory Botlord-Gunner | -5/Garrison Botlord-Tank | -4/Factory Botlord-Tank | -4/Garrison Botlord-Tank | -3/Research Mutant | -3/Testing Mutant | -2/Research Sprinter | -2/Garrison Sprinter | -1/Access Mutant | -1/Garrison Resources | -11 -10 -10 -9 -9 -8 -8 -8 -8 -8 -8 -7 -7 -6 -6 -6 -6 -5 -5 -5 -5 -5 -5 -4 -4 -3 -3 -2 -2 -1 -1 ----------- Run | Yrd Mat Min Mat Min Mat Gar Mat Gar Mat Gar Fac Gar Fac Gar Fac Gar Fac Was Fac Gar Fac Gar Fac Gar Res Tes Res Gar Acc Gar Matter Collected 17843 | 133 419 . 250 10 650 598 1058 937 885 797 249 577 207 749 462 1191 1325 400 447 1615 902 1261 208 1429 773 . 65 84 46 116 Remotely 84 | . . . . . . . . . . . . . . . . . . . . . . . . . . . . 84 . . Salvage Created 18984 | 38 574 . 1328 142 1065 864 1290 1192 704 949 284 560 376 930 722 584 1057 285 551 1053 584 255 383 1880 951 . 177 . . 206 Parts 951 | 8 30 . 86 7 64 38 74 84 48 49 18 21 11 35 37 56 39 3 21 47 24 15 17 60 46 . 6 . . 7 Haulers Intercepted 15 | . 1 . 4 . 1 . 4 . . . . . 1 . . . 2 . . . 2 . . . . . . . . . Recyclers Shooed 6 | . . . 1 . . . . . . . . . . . . . 1 . 1 . . . . . 1 2 . . . . Parts Field Recycled . | . . . . . . . . . . . . . . . . . . . . . . . . . . . . . . . Retrieved Matter . | . . . . . . . . . . . . . . . . . . . . . . . . . . . . . . . Parts Self-Destructed . | . . . . . . . . . . . . . . . . . . . . . . . . . . . . . . . Prevented . | . . . . . . . . . . . . . . . . . . . . . . . . . . . . . . . Parts Restored . | . . . . . . . . . . . . . . . . . . . . . . . . . . . . . . . Kills | -11 -10 -10 -9 -9 -8 -8 -8 -8 -8 -8 -7 -7 -6 -6 -6 -6 -5 -5 -5 -5 -5 -5 -4 -4 -3 -3 -2 -2 -1 -1 ------- Run | Yrd Mat Min Mat Min Mat Gar Mat Gar Mat Gar Fac Gar Fac Gar Fac Gar Fac Was Fac Gar Fac Gar Fac Gar Res Tes Res Gar Acc Gar Combat Hostiles Destroyed 397 | . 17 . 25 4 20 24 22 34 22 23 7 13 2 22 12 28 17 1 10 33 7 6 7 31 6 . 4 . . . Guns 155 | . 17 . 23 4 16 9 11 14 7 5 2 3 1 . . . 5 1 1 13 4 5 . 10 4 . . . . . Cannons 97 | . . . . . . . . 2 4 5 3 2 1 13 10 9 10 . 5 20 3 1 1 8 . . . . . . AOE 130 | . . . 1 . 4 15 11 18 11 13 2 4 . 9 2 17 . . 2 . . . 4 12 1 . 4 . . . Classes Destroyed 21 | 1 4 . 5 . 2 1 3 1 . . . . . 1 . 2 . 1 . . . . . . . . . . . . Worker 10 | . . . 2 . . . 2 . 2 . . . . . . . . . 1 . 2 . . . . . 1 . . . Builder 7 | . . . 1 . . . . . 1 . . . . . . . 2 . . . 3 . . . . . . . . . Tunneler 2 | 2 . . . . . . . . . . . . . . . . . . . . . . . . . . . . . . Hauler 15 | . 1 . 4 . 1 . 4 . . . . . 1 . . . 2 . . . 2 . . . . . . . . . Recycler 9 | . . . . . . . 1 . 1 . . . 1 . 2 . 1 . 1 . . . . . 2 . . . . . Mechanic 1 | . . . . . . . . . . . . . . 1 . . . . . . . . . . . . . . . . Operator 3 | . . . . . 1 . . . . . . . . . . . . . . . . . 1 . 1 . . . . . Watcher 16 | . 1 . 3 . 2 . 5 . 5 . . . . . . . . . . . . . . . . . . . . . Swarmer 126 | . 9 . 8 2 3 7 2 9 10 4 3 3 . 10 3 10 3 . 5 19 . . 4 7 1 . 4 . . . Cutter 4 | . . . . . . . . . . . . . . . . 2 1 . . . . 1 . . . . . . . . Saboteur 7 | . . . . . . . . . . . . . . . . 6 . . . . . 1 . . . . . . . . Grunt 128 | . 8 . 9 2 9 11 13 6 5 8 1 4 1 7 2 2 5 . 3 11 3 2 2 12 2 . . . . . Brawler 13 | . . . 1 . . 2 . 5 . . . 2 . 2 1 . . . . . . . . . . . . . . . Duelist 6 | . . . . . . . 2 1 . . . 2 . . 1 . . . . . . . . . . . . . . . Protector 1 | . . . . . . . 1 . . . . . . . . . . . . . . . . . . . . . . . Sentry 47 | . . . 7 . 6 2 4 4 7 2 2 1 . 2 . 3 3 . . 1 1 . . 1 1 . . . . . Specialist 13 | . . . . . . 1 . 6 . 2 . . 1 . . . . . . . . . 1 2 . . . . . . Hunter 26 | . . . . . 2 1 . 1 . 1 . . . 1 4 1 3 . . 2 . . 1 8 1 . . . . . Programmer 35 | . . . . . . . . 3 . 6 1 1 1 1 1 4 2 . 2 . 5 2 . 3 3 . . . . . Compactor 1 | . . . . . . . . . . . . . . . . . . 1 . . . . . . . . . . . . Zionite 1 | . . . 1 . . . . . . . . . . . . . . . . . . . . . . . . . . . Savage 1 | . . . . . . . . . . . . . . . . . . . . . . . . . 1 . . . . . Best Kill Streak 14 | 2 4 . 11 2 5 7 5 8 10 6 3 3 2 7 3 6 10 1 5 7 5 2 4 14 5 . 4 . . . Combat Bots Only 14 | . 3 . 9 2 4 7 5 8 6 6 3 3 1 7 2 6 10 1 4 7 2 2 4 14 4 . 4 . . . Max Kills in Single Turn 6 | 1 2 . 3 1 4 3 3 3 3 3 2 1 2 3 1 4 2 1 3 2 6 1 4 2 3 . 3 . . . Gunslinging 1 | . 1 . 1 . . . 1 1 . . . . . . . . . . . . . . . 1 . . . . . . Exploded 4 | . . . 1 . 3 3 2 3 2 2 2 1 . 3 1 4 . . 2 . . . 4 2 1 . 3 . . . Melee . | . . . . . . . . . . . . . . . . . . . . . . . . . . . . . . . Uniques/NPCs Destroyed . | . . . . . . . . . . . . . . . . . . . . . . . . . . . . . . . Combat | -11 -10 -10 -9 -9 -8 -8 -8 -8 -8 -8 -7 -7 -6 -6 -6 -6 -5 -5 -5 -5 -5 -5 -4 -4 -3 -3 -2 -2 -1 -1 -------- Run | Yrd Mat Min Mat Min Mat Gar Mat Gar Mat Gar Fac Gar Fac Gar Fac Gar Fac Was Fac Gar Fac Gar Fac Gar Res Tes Res Gar Acc Gar Hostile Shots Fired 2733 | . 77 . 87 11 64 59 46 89 67 68 47 143 20 126 90 113 91 . 88 181 52 67 39 409 267 76 74 70 209 3 Missed 945 | . 21 . 23 4 21 16 11 28 20 21 22 51 5 31 25 35 23 . 21 51 14 18 13 155 103 28 45 34 106 . Hits 1788 | . 56 . 64 7 43 43 35 61 47 47 25 92 15 95 65 78 68 . 67 130 38 49 26 254 164 48 29 36 103 3 Melee 35 | . . . . . . 1 2 1 . 1 1 6 2 3 . 2 2 . . . . 9 . . 5 . . . . . Projectile 1753 | . 56 . 64 7 43 42 33 60 47 46 24 86 13 92 65 76 66 . 67 130 38 40 26 254 159 48 29 36 103 3 AOE 7 | . . . . . . . . . . . . . . . . 1 . . . . 1 4 . . 1 . . . . . Critical Strikes 89 | . 1 . 3 2 3 4 2 . 4 2 . 3 1 2 2 2 4 . 7 2 2 2 4 7 13 . 3 5 8 1 Part Disruptions 3 | . . . . . . . . . . . . . . . . . . . . . . . . . 3 . . . . . Damage Taken 32459 | . 554 . 843 101 644 641 786 942 684 692 311 1271 644 1484 1015 1610 1382 9 1188 2237 1233 1244 404 4257 3483 992 699 654 2382 73 Core 5411 | . 205 . 123 . 76 54 45 183 87 34 . 55 37 50 112 223 19 . 153 115 107 193 61 296 1047 222 90 200 1551 73 Absorbed by Shields 112 | . . . . . . . . 18 . . . . . 11 . . . . . . . . . . 28 . . 55 . . Redirected to Shielding 52 | . 7 . . . . . . . . . . 11 . 5 13 16 . . . . . . . . . . . . . . Ignored by Resistances 306 | . . . . . . . . 24 . . . . . . . 12 . . . . . . . . 156 . 14 100 . . Regen/Repaired (Parts) 1001 | . . . . . . . . . 169 . . . 200 . . 632 . . . . . . . . . . . . . . Core Remaining (%) 53 | 100 . 18 . 69 . . . . . 12 . 92 . . . 50 . . . . . 41 . 68 . 2 . 80 . . Volleys Fired 1351 | 5 53 . 64 8 50 68 60 58 49 73 20 38 7 63 43 72 69 16 51 109 61 80 22 132 49 7 6 . 8 10 Largest 3 | 2 2 . 3 3 3 3 3 3 3 3 3 3 3 3 3 3 3 3 3 3 3 3 3 3 3 2 2 . 1 1 Hottest 308 | 60 100 . 156 135 151 108 83 117 117 127 131 218 270 270 270 270 188 129 235 235 195 188 211 308 236 94 100 . 120 120 Shots Fired 2744 | 10 106 . 192 23 140 126 148 139 117 129 37 76 21 123 86 122 153 24 84 266 134 118 40 227 68 11 7 . 8 9 Gun 1456 | 10 106 . 192 23 138 114 130 109 81 79 9 17 15 . . 13 61 8 47 71 63 55 7 64 29 11 4 . . . Cannon 882 | . . . . . . . . 8 19 15 21 40 6 90 69 64 76 2 37 182 51 27 23 125 10 . . . 8 9 Launcher 209 | . . . . . 2 11 18 22 17 35 7 19 . 22 6 16 . 14 . . . . 1 12 4 . 3 . . . Special 197 | . . . . . . 1 . . . . . . . 11 11 29 16 . . 13 20 36 9 26 25 . . . . . Kinetic 1019 | 5 2 . . . 97 78 130 97 63 56 17 1 3 . . 1 85 10 5 160 81 70 7 28 21 . 2 . . . Thermal 885 | . 102 . 129 . 6 1 . 20 37 31 . 16 3 90 69 63 . . 73 93 33 . . 78 11 11 2 . 8 9 Explosive 172 | . . . . . 2 11 18 22 17 23 4 7 . 19 6 16 . 14 . . . . 1 12 . . . . . . Electromagnetic 472 | 5 2 . 63 23 35 36 . . . 19 16 52 15 3 . 13 52 . 6 . . 12 23 83 11 . 3 . . . Robot Hit Streak 28 | 5 15 . 12 4 13 14 28 12 10 11 6 14 8 17 13 9 18 5 14 10 7 5 4 10 10 5 5 . . 13 Robot Miss Streak 10 | 1 4 . 7 2 3 6 5 3 10 7 6 5 1 2 3 8 4 2 3 5 3 8 4 5 6 3 5 . . . Penetration Max 1 | . . . . . . 1 . . . . . . . . . . 1 1 . . 1 1 . . 1 . . . . . Secondary Targets 21 | . 2 . 5 . 1 3 5 1 . . . . . . . . . . . . . . . 4 . . . . . . Max Gunslinging Chain 2 | . 1 . 2 . 1 1 1 1 . . . . . . . . . . . . . . . 1 . . . . . . Shots Hit Robots 1591 | 6 68 . 121 17 101 67 94 89 68 68 24 36 23 65 48 55 106 13 56 131 77 54 21 121 42 6 6 . . 8 Core Hits 957 | 3 29 . 63 7 43 49 56 62 60 64 21 37 10 43 24 44 65 4 30 50 22 12 11 75 53 2 14 . 1 3 Critical Kills 11 | . . . . . . . 1 . . . . . . 1 . 2 4 . . . . . . . 1 . . . . 2 Critical Parts Destroyed 7 | . . . . . . 1 . 1 . . . . . . . . 2 1 . . 1 . . 1 . . . . . . Critical Strikes 51 | . 6 . 10 . . 1 1 2 . 3 . . 1 1 . 2 7 2 . 7 3 . . 2 1 . . . . 2 Burn 19 | . 6 . 10 . . . . 1 . 2 . . . . . . . . . . . . . . . . . . . . Meltdown 5 | . . . . . . . . . . . . . . 1 . 2 . . . . . . . . . . . . . 2 Destroy 15 | . . . . . . 1 1 1 . 1 . . . . . . 6 2 . . 1 . . 1 1 . . . . . Blast 10 | . . . . . . . . . . . . . . . . . . . . 7 2 . . 1 . . . . . . Corrupt 2 | . . . . . . . . . . . . . 1 . . . 1 . . . . . . . . . . . . . Melee Attacks 38 | . . . . . . 2 1 15 . 2 5 6 7 . . . . . . . . . . . . . . . . . Impact . | . . . . . . . . . . . . . . . . . . . . . . . . . . . . . . . Slashing . | . . . . . . . . . . . . . . . . . . . . . . . . . . . . . . . Piercing . | . . . . . . . . . . . . . . . . . . . . . . . . . . . . . . . Sneak Attacks 24 | . . . . . . . . 13 . 1 1 5 4 . . . . . . . . . . . . . . . . . Combat Hostiles . | . . . . . . . . . . . . . . . . . . . . . . . . . . . . . . . Follow-up Attacks . | . . . . . . . . . . . . . . . . . . . . . . . . . . . . . . . Damage Inflicted 54804 | 60 877 . 1959 254 2044 2418 2970 3005 2404 2809 542 2214 554 3096 1974 3218 2574 2532 1349 3423 3016 1024 1068 6260 2197 98 486 . 40 339 Guns 16532 | 60 877 . 1813 254 1718 1049 1545 1114 962 964 105 277 272 . . 119 743 39 340 583 1074 763 25 1038 609 98 91 . . . Cannons 14571 | . . . . . . . . 103 217 146 301 436 109 1408 1086 741 1567 77 658 2840 986 261 608 2556 132 . . . . 339 Explosions 23617 | . . . 145 . 326 1359 1420 1788 1225 1699 136 1501 173 1688 879 2358 254 2416 350 . 956 . 435 2666 1448 . 395 . . . Melee . | . . . . . . . . . . . . . . . . . . . . . . . . . . . . . . . Ramming 74 | . . . 1 . . . 5 . . . . . . . 9 . 10 . 1 . . . . . 8 . . . 40 . Kinetic 13170 | 23 6 . . . 1107 705 1545 931 827 648 225 . 46 . . 31 1337 116 38 1874 1402 1024 25 735 495 . 30 . . . Thermal 14371 | . 829 . 1235 . 125 338 . 286 352 576 . 277 81 1408 1086 710 97 . 1235 1549 1614 . . 1381 674 98 81 . . 339 Explosive 18458 | . . . . . 281 1031 1420 1788 1225 1043 93 922 173 1571 879 2358 157 2416 . . . . 435 2666 . . . . . . Electromagnetic 8731 | 37 42 . 723 254 531 344 . . . 542 224 1015 254 117 . 119 973 . 75 . . . 608 1478 1020 . 375 . . . Impact . | . . . . . . . . . . . . . . . . . . . . . . . . . . . . . . . Slashing . | . . . . . . . . . . . . . . . . . . . . . . . . . . . . . . . Piercing . | . . . . . . . . . . . . . . . . . . . . . . . . . . . . . . . Highest Corruption 23 | . . . . . . . . 3 3 6 . 3 . 1 1 5 3 20 20 6 18 23 . 2 2 2 . 1 15 15 Average Corruption 6 | . . . . . . . . 2 3 5 . 2 . 1 1 2 3 11 13 6 7 21 . 1 2 2 . 1 6 15 Corruption Purged 14 | . . . . . . . . . . . . . . . . . . . 14 . . . . . . . . . . . Corruption Blocked 18 | . . . . . . . . . . . . . . . . . . . . . 5 . . . 13 . . . . . Effects 415 | . . . . . . . . 19 32 28 . 14 . 4 3 28 5 11 61 52 48 87 . 9 . 4 . . 6 4 Message Errors 93 | . . . . . . . . 5 8 5 . 1 . 2 1 6 2 1 10 14 11 25 . 1 . . . . 1 . Matter Fused 95 | . . . . . . . . 5 5 7 . 4 . 1 . 9 1 . 16 10 8 19 . 4 . 3 . . . 3 Heat Flow Errors 49 | . . . . . . . . 2 3 3 . . . . . 3 . 1 12 7 7 11 . . . . . . . . Energy Discharges 50 | . . . . . . . . 2 4 5 . 2 . . . 5 1 . 5 8 3 11 . 3 . . . . 1 . Parts Rejected 5 | . . . . . . . . . . . . . . . . . . . 1 1 1 1 . . . . . . 1 . Parts Fused 6 | . . . . . . . . . 1 . . . . . . . . . 2 . . 2 . 1 . . . . . . Data Loss (minor) 51 | . . . . . . . . 3 4 2 . 1 . 1 1 2 1 . 6 7 11 10 . . . 1 . . 1 . Data Loss (major) 20 | . . . . . . . . . 4 2 . 3 . . 1 . . 1 1 2 1 4 . . . . . . 1 . Misfires 14 | . . . . . . . . . 2 1 . 3 . . . 1 . . 3 . 3 1 . . . . . . . . Alerts 11 | . . . . . . . . 1 . . . . . . . 2 . 2 3 1 1 . . . . . . . 1 . Misdirections 3 | . . . . . . . . . . . . . . . . . . 3 . . . . . . . . . . . . Weapon Failures 18 | . . . . . . . . 1 1 3 . . . . . . . 3 2 2 2 3 . . . . . . . 1 Overload Shots . | . . . . . . . . . . . . . . . . . . . . . . . . . . . . . . . Overflow Damage 1219 | . . . 18 . 9 86 39 37 24 . 4 25 30 22 56 95 10 . 49 105 174 . 31 405 . . . . . . Projectiles 446 | . . . . . . . . . . . 4 10 . 20 30 4 10 . 27 105 43 . 16 177 . . . . . . Explosions 773 | . . . 18 . 9 86 39 37 24 . . 15 30 2 26 91 . . 22 . 131 . 15 228 . . . . . . Melee . | . . . . . . . . . . . . . . . . . . . . . . . . . . . . . . . Knockbacks 41 | . . . . . . . . . 2 3 3 . . . . . 16 . . 9 1 2 . 5 . . . . . . Impact . | . . . . . . . . . . . . . . . . . . . . . . . . . . . . . . . Kinetic 37 | . . . . . . . . . 2 3 3 . . . . . 14 . . 8 1 2 . 4 . . . . . . Secondary 4 | . . . . . . . . . . . . . . . . . 2 . . 1 . . . 1 . . . . . . Self-Inflicted Damage 2206 | . . . 40 . . 66 185 115 24 11 16 114 384 124 . 186 . 11 40 . 429 . . 336 80 . 27 . 18 . Shots 55 | . . . 1 . . 2 5 4 2 1 1 4 5 4 . 3 . 1 1 . 5 . . 6 7 . 3 . . . Rammed 16 | . . . . . . . . . . . . . . . 1 . 1 . 2 . . . . . 2 . . . 10 . Targets Rammed 19 | . . . 1 . . . 2 . . . . . . . 1 . 1 . 2 . . . . . 2 . . . 10 . Kicked 3 | . . . 1 . . . 2 . . . . . . . . . . . . . . . . . . . . . . . Crushed . | . . . . . . . . . . . . . . . . . . . . . . . . . . . . . . . Highest Temperature 566 | 20 259 . 360 385 362 356 230 376 352 381 240 301 156 460 339 566 394 223 319 198 370 272 430 518 210 96 52 . 402 48 Average Temperature 97 | 12 65 . 121 151 104 88 63 88 87 92 99 101 35 157 103 142 86 88 81 71 93 65 139 116 65 49 20 . 210 20 Received Heat Transfer 4946 | . 177 . 318 90 261 252 252 126 315 216 51 144 99 252 96 114 321 . 327 351 69 234 75 364 205 . 171 39 27 . Effects 43 | . . . . . 4 . 1 . 4 2 . . . 4 . 11 . . . . . . 5 11 . . . . 1 . Shutdowns 7 | . . . . . 1 . . . . 1 . . . 1 . 2 . . . . . . . 1 . . . . 1 . Energy Bleed 7 | . . . . . . . 1 . . . . . . 2 . . . . . . . . . 4 . . . . . . Interference 20 | . . . . . 3 . . . 4 . . . . . . 5 . . . . . . 5 3 . . . . . . Matter Decay 4 | . . . . . . . . . . 1 . . . . . 1 . . . . . . . 2 . . . . . . Short Circuit 3 | . . . . . . . . . . . . . . 1 . 1 . . . . . . . 1 . . . . . . Damage (minor) 2 | . . . . . . . . . . . . . . . . 2 . . . . . . . . . . . . . . Siege Activations . | . . . . . . . . . . . . . . . . . . . . . . . . . . . . . . . Martial Activations . | . . . . . . . . . . . . . . . . . . . . . . . . . . . . . . . Shielding Activations . | . . . . . . . . . . . . . . . . . . . . . . . . . . . . . . . Robots Disrupted 4 | . . . . . . . . . . . . . 2 . . . . . . . . . . . 2 . . . . . Combat Hostiles 2 | . . . . . . . . . . . . . 1 . . . . . . . . . . . 1 . . . . . Robots Corrupted 12 | . . . . . . . . . . . . 4 . . . . 3 . . . . . 2 2 1 . . . . . Combat Hostiles 11 | . . . . . . . . . . . . 4 . . . . 2 . . . . . 2 2 1 . . . . . Parts Fried 43 | . . . 2 5 3 1 . . . 3 1 2 1 . . . 5 . . . . . 2 13 3 . 2 . . . Impact Corruptions . | . . . . . . . . . . . . . . . . . . . . . . . . . . . . . . . Robots Melted 10 | . . . 1 . . . . . . 1 . . . 1 . 2 . . 2 . 1 . . . . . . . . 2 Combat Hostiles 5 | . . . 1 . . . . . . . . . . . . 2 . . 2 . . . . . . . . . . . Parts Melted 45 | . 11 . 7 . . . . 2 1 . . 2 . 4 4 3 . . 4 1 1 . . 1 . . . . . 4 Heat Transferred 23106 | . 2886 . 3998 . 198 337 . 629 703 1062 . 575 74 1830 1443 925 100 . 2280 2028 1311 . . 1517 568 222 124 . . 296 Parts Sabotaged 1 | . . . . . . . . . . . . . . . . 1 . . . . . . . . . . . . . . Parts Stolen . | . . . . . . . . . . . . . . . . . . . . . . . . . . . . . . . Parts Stripped . | . . . . . . . . . . . . . . . . . . . . . . . . . . . . . . . Power Chain Reactions 17 | . . . 3 . 1 3 . . . 2 . 1 . . . . 1 . . . . . . . 5 . 1 . . . Alert | -11 -10 -10 -9 -9 -8 -8 -8 -8 -8 -8 -7 -7 -6 -6 -6 -6 -5 -5 -5 -5 -5 -5 -4 -4 -3 -3 -2 -2 -1 -1 ------- Run | Yrd Mat Min Mat Min Mat Gar Mat Gar Mat Gar Fac Gar Fac Gar Fac Gar Fac Was Fac Gar Fac Gar Fac Gar Res Tes Res Gar Acc Gar Maximum Alert Level 5 | . . . 2 . 1 4 3 5 4 4 2 3 2 4 3 4 3 1 1 4 3 3 2 4 3 . 1 . 1 1 Low Security (%) 21 | 100 100 100 32 100 27 7 . . . . . . . . 4 . 8 . 84 . . . . . 80 100 93 100 88 18 Level 1 12 | . . . 3 . 72 8 . . . . . . . . 64 13 51 100 15 19 . 18 9 . . . 6 . 11 81 Level 2 28 | . . . 64 . . 23 73 18 . 20 100 30 100 21 28 2 26 . . 13 47 76 90 17 6 . . . . . Level 3 25 | . . . . . . 39 26 22 98 56 . 68 . 42 2 37 13 . . 27 52 4 . 37 12 . . . . . Level 4 12 | . . . . . . 20 . 52 1 23 . . . 36 . 47 . . . 39 . . . 44 . . . . . . Level 5 . | . . . . . . . . 6 . . . . . . . . . . . . . . . . . . . . . . High Security . | . . . . . . . . . . . . . . . . . . . . . . . . . . . . . . . Max Security . | . . . . . . . . . . . . . . . . . . . . . . . . . . . . . . . Peak Influence 1663 | 5 182 39 591 183 304 1276 765 1663 1148 1160 620 1079 590 1336 701 1561 814 267 361 1552 916 717 632 1367 768 12 223 161 255 207 Initial 814 | . . 39 . 168 40 189 622 448 810 521 609 411 566 401 701 314 814 201 153 224 814 396 375 442 768 . . 161 78 196 Average 593 | . 81 10 333 140 211 797 614 1146 889 915 545 807 517 950 400 1066 427 238 106 919 697 480 478 990 149 . 37 153 111 202 Influence Increases 19295 | 10 586 . 1137 161 698 1137 893 1315 972 699 241 768 293 1025 577 1418 835 88 574 1468 572 721 719 1275 222 28 405 . 447 11 Destroy 0b10 Robot/C 8760 | . 340 . 700 100 440 620 440 800 500 460 180 380 80 440 280 600 340 . 200 660 180 195 180 465 120 . 60 . . . Destroy 0b10 Robot/NC 438 | 10 10 . 70 . 20 . 70 5 50 15 . 5 10 10 15 . 25 . 10 . 45 . 28 20 8 . 4 . . 8 Destroy Leader 1334 | . 84 . 208 20 126 30 128 30 140 50 40 20 22 30 70 40 64 . 30 30 44 24 40 48 8 . 8 . . . Allied During Kill 924 | . . . 27 11 28 55 47 89 10 1 2 35 7 13 22 119 31 . . 14 48 62 212 19 72 . . . . . Successful Hack 238 | . 17 . 16 . 19 21 35 . 28 . . . 14 . 8 14 14 . . . . . 11 17 8 16 . . . . Select Force Hacks 180 | . 60 . 60 . 30 . 30 . . . . . . . . . . . . . . . . . . . . . . . Disable Machine 1074 | . . . 15 . 15 . 30 30 90 . . . 120 90 75 45 120 . 165 30 105 24 84 24 . . 12 . . . Anti-Garrison Action 2480 | . . . . . . 200 . 250 . 50 . 150 . 300 . 400 . . . 450 . 378 . 302 . . . . . . Destroy Structure 2394 | . . . 11 . 20 151 113 111 124 123 19 73 40 97 107 200 196 88 94 74 150 38 164 344 6 . 33 . 15 3 Partial Spotted 42 | . . . . . . 15 . . . . . . . . . . . . . 15 . . . . . . . . 12 . Lose Combat Pursuer 1431 | . 75 . 30 30 . 45 . . 30 . . 105 . 45 . . 45 . 75 195 . . . 36 . 12 288 . 420 . Influence Decreases 19088 | 10 484 102 704 489 511 153 1479 342 1833 341 813 277 799 262 1464 315 1811 445 472 237 1558 570 804 540 1589 26 192 84 333 49 Entered New Map 8182 | . . 63 . 265 65 103 654 242 853 281 551 177 513 172 635 135 738 375 66 97 738 170 342 190 599 . 2 54 53 49 Time Decay 6180 | 10 474 39 534 214 386 . 595 . 620 . 262 . 246 . 374 . 618 70 366 . 510 . 222 . 304 16 150 . 170 . Lost Part 896 | . 10 . . 10 . 30 20 20 20 20 . 40 40 30 . 40 30 . 40 40 30 60 . 170 56 10 40 30 110 . Lost Ally 2030 | . . . 20 . 60 20 60 80 40 40 . 60 . 60 80 140 150 . . 100 280 340 240 180 80 . . . . . Purge Threat 1800 | . . . 150 . . . 150 . 300 . . . . . 375 . 275 . . . . . . . 550 . . . . . Squads Dispatched 74 | . 5 . 4 . 4 . 3 . 5 . 3 . . . 10 . 12 . 2 . 7 . 8 . 7 . 2 . 2 . Investigation 20 | . 4 . 3 . 3 . 1 . 1 . . . . . 3 . . . . . 1 . 2 . . . 1 . 1 . Extermination 12 | . . . . . . . . . . . 1 . . . 1 . 2 . 1 . 3 . . . 2 . 1 . 1 . Reinforcement 20 | . 1 . 1 . . . . . 1 . . . . . 2 . 7 . 1 . 1 . 3 . 3 . . . . . Assault 6 | . . . . . . . 2 . 2 . . . . . . . . . . . 2 . . . . . . . . . Garrison 16 | . . . . . 1 . . . 1 . 2 . . . 4 . 3 . . . . . 3 . 2 . . . . . Intercept . | . . . . . . . . . . . . . . . . . . . . . . . . . . . . . . . Searches Triggered . | . . . . . . . . . . . . . . . . . . . . . . . . . . . . . . . Construction Impeded 5 | . . . . . . . . . . . . . . . 1 . 2 . . . . . 1 . 1 . . . . . Haulers Reinforced 4 | . . . . . . . . . . . . . . . . . 2 . . . 1 . . . 1 . . . . . Active Scanning Responses . | . . . . . . . . . . . . . . . . . . . . . . . . . . . . . . . Cargo Convoy Interrupts 2 | . . . . . . . . . . . . . . . . . 1 . . . . . . . 1 . . . . . Alert ID Control Effect 102 | . . . . . . . . . . . . . . 7 4 11 21 . . 3 8 11 16 11 10 . . . . . Stealth | -11 -10 -10 -9 -9 -8 -8 -8 -8 -8 -8 -7 -7 -6 -6 -6 -6 -5 -5 -5 -5 -5 -5 -4 -4 -3 -3 -2 -2 -1 -1 --------- Run | Yrd Mat Min Mat Min Mat Gar Mat Gar Mat Gar Fac Gar Fac Gar Fac Gar Fac Was Fac Gar Fac Gar Fac Gar Res Tes Res Gar Acc Gar Distress Signals 24 | . 3 . 3 . 1 . 1 . 2 . . . . . 1 . 2 . 1 . . . 1 2 1 2 2 . 2 . Communications Jammed 1 | . . . . . . . . . . . . . . . . . . . 1 . . . . . . . . . . . Distress Signals 1 | . . . . . . . . . . . . . . . . . . . 1 . . . . . . . . . . . Times Spotted 866 | . 30 . 43 7 26 32 35 35 46 26 14 21 7 35 24 37 52 6 20 46 32 45 28 58 44 11 32 23 50 1 Peak Tracking Total 25 | . 4 . 6 3 6 4 5 8 9 4 4 7 3 6 4 7 9 4 7 8 6 9 5 9 19 13 13 25 21 1 Tactical Retreats 53 | . 6 . 2 2 . 1 . . 2 . . 4 . 2 . . 3 1 1 8 . . . 2 . 1 9 . 9 . Traps | -11 -10 -10 -9 -9 -8 -8 -8 -8 -8 -8 -7 -7 -6 -6 -6 -6 -5 -5 -5 -5 -5 -5 -4 -4 -3 -3 -2 -2 -1 -1 ------- Run | Yrd Mat Min Mat Min Mat Gar Mat Gar Mat Gar Fac Gar Fac Gar Fac Gar Fac Was Fac Gar Fac Gar Fac Gar Res Tes Res Gar Acc Gar Traps Triggered 39 | . 1 . 1 . 1 1 2 4 . 1 . 2 1 2 . . 4 . . 1 5 5 . 2 1 1 1 2 1 . Indirectly . | . . . . . . . . . . . . . . . . . . . . . . . . . . . . . . . Trap Hack Attempts 1 | . . . . . . . . . . . 1 . . . . . . . . . . . . . . . . . . . Triggered . | . . . . . . . . . . . . . . . . . . . . . . . . . . . . . . . Disarmed 7 | . . . 6 . . . 1 . . . . . . . . . . . . . . . . . . . . . . . Reprogrammed . | . . . . . . . . . . . . . . . . . . . . . . . . . . . . . . . Reused . | . . . . . . . . . . . . . . . . . . . . . . . . . . . . . . . Traps Extracted . | . . . . . . . . . . . . . . . . . . . . . . . . . . . . . . . Installed . | . . . . . . . . . . . . . . . . . . . . . . . . . . . . . . . Triggered . | . . . . . . . . . . . . . . . . . . . . . . . . . . . . . . . Machines | -11 -10 -10 -9 -9 -8 -8 -8 -8 -8 -8 -7 -7 -6 -6 -6 -6 -5 -5 -5 -5 -5 -5 -4 -4 -3 -3 -2 -2 -1 -1 ---------- Run | Yrd Mat Min Mat Min Mat Gar Mat Gar Mat Gar Fac Gar Fac Gar Fac Gar Fac Was Fac Gar Fac Gar Fac Gar Res Tes Res Gar Acc Gar Machines Disabled 117 | . . . 1 . 1 4 2 8 6 1 . 4 8 10 5 12 8 . 11 7 7 8 7 6 . . 1 . . . Max in Single Turn 8 | . . . . . 1 1 2 1 1 1 . 1 6 3 1 2 4 . 8 2 5 1 1 1 . . 1 . . . Garrison Relay 35 | . . . . . . 4 . 4 . 1 . 2 . 4 . 5 . . . 5 . 6 . 4 . . . . . . Phase Generator 3 | . . . . . . . . 1 . . . 1 . . . 1 . . . . . . . . . . . . . . Machines Repaired . | . . . . . . . . . . . . . . . . . . . . . . . . . . . . . . . Machines Dismantled 2 | . . . . . . . . 2 . . . . . . . . . . . . . . . . . . . . . . Machines Sabotaged . | . . . . . . . . . . . . . . . . . . . . . . . . . . . . . . . Overloaded Fab Kills . | . . . . . . . . . . . . . . . . . . . . . . . . . . . . . . . Hacking | -11 -10 -10 -9 -9 -8 -8 -8 -8 -8 -8 -7 -7 -6 -6 -6 -6 -5 -5 -5 -5 -5 -5 -4 -4 -3 -3 -2 -2 -1 -1 --------- Run | Yrd Mat Min Mat Min Mat Gar Mat Gar Mat Gar Fac Gar Fac Gar Fac Gar Fac Was Fac Gar Fac Gar Fac Gar Res Tes Res Gar Acc Gar Machines Accessed 114 | . 7 . 11 1 9 4 11 4 11 1 3 1 5 2 4 2 3 . 7 1 3 3 3 4 6 3 3 . 2 . Terminals 77 | . 5 . 8 1 6 4 9 4 7 1 1 1 1 2 2 2 2 . 4 1 1 3 1 4 3 2 1 . 1 . Fabricators 5 | . . . . . . . . . . . . . . . 1 . 1 . . . 1 . 1 . 1 . . . . . Repair Stations 5 | . . . . . . . . . 2 . . . 1 . . . . . 1 . . . . . . 1 . . . . Recycling Units 9 | . 2 . 2 . 1 . 1 . . . . . . . . . . . 1 . . . . . 1 . 1 . . . Scanalyzers 7 | . . . 1 . 1 . . . 1 . 1 . 2 . . . . . . . . . . . 1 . . . . . Garrison Access 11 | . . . . . 1 . 1 . 1 . 1 . 1 . 1 . . . 1 . 1 . 1 . . . 1 . 1 . Total Hacks 262 | . 24 . 32 2 31 5 27 8 34 1 4 1 11 2 8 2 5 . 16 2 9 6 9 5 8 4 4 . 2 . Successful 126 | . 15 . 13 . 17 2 18 . 24 . 2 . 5 1 4 1 1 . 3 . 3 1 5 3 3 2 2 . 1 . Failed 132 | . 9 . 19 2 13 3 9 8 9 1 2 1 5 1 4 1 4 . 13 2 6 5 4 2 4 2 2 . 1 . Catastrophic 29 | . . . 3 . . 1 2 2 2 1 1 1 1 . 1 1 1 . 2 . 3 1 . 2 1 1 1 . 1 . Database Lockouts 4 | . . . . . 1 . . . 1 . . . 1 . . . . . . . . . . . 1 . . . . . Manual 131 | . 21 . 16 6 20 . 17 . 15 . 2 . 2 . 2 . 5 . 8 . 8 . 3 . 2 2 2 . . . Terminals 184 | . 21 . 26 2 24 5 25 8 23 1 1 1 1 2 3 2 4 . 7 2 4 6 3 5 3 3 1 . 1 . Fabricators 9 | . . . . . . . . . . . . . . . 3 . 1 . . . 1 . 3 . 1 . . . . . Repair Stations 12 | . . . . . . . . . 5 . . . 4 . . . . . 2 . . . . . . 1 . . . . Recycling Units 11 | . 3 . 2 . 1 . 1 . . . . . . . . . . . 1 . . . . . 2 . 1 . . . Scanalyzers 17 | . . . 4 . 2 . . . 4 . 1 . 4 . . . . . . . . . . . 2 . . . . . Garrison Access 29 | . . . . . 4 . 1 . 2 . 2 . 2 . 2 . . . 6 . 4 . 3 . . . 2 . 1 . Terminal Hacks 37 | . 5 . 5 . 5 2 6 . 7 . . . . 1 . 1 . . . . . 1 . 3 . 1 . . . . Part Schematic 2 | . 2 . . . . . . . . . . . . . . . . . . . . . . . . . . . . . Robot Analysis 2 | . 2 . . . . . . . . . . . . . . . . . . . . . . . . . . . . . Prototype ID Bank 4 | . 1 . 1 . 2 . . . . . . . . . . . . . . . . . . . . . . . . . Open Door 3 | . . . . . . 1 . . . . . . . . . . . . . . . 1 . 1 . . . . . . Emergency Access Points 3 | . . . . . . 1 1 . . . . . . . . . . . . . . . . 1 . . . . . . Terminal Index 2 | . . . . . 1 . . . 1 . . . . . . . . . . . . . . . . . . . . . Repair Station Index 1 | . . . . . . . . . 1 . . . . . . . . . . . . . . . . . . . . . Unreport Threat 4 | . . . 1 . . . 1 . 2 . . . . . . . . . . . . . . . . . . . . . Locate Traps 2 | . . . . . . . 1 . 1 . . . . . . . . . . . . . . . . . . . . . Disarm Traps 2 | . . . 1 . . . 1 . . . . . . . . . . . . . . . . . . . . . . . Maintenance Status 1 | . . . 1 . . . . . . . . . . . . . . . . . . . . . . . . . . . Transport Status 1 | . . . . . . . 1 . . . . . . . . . . . . . . . . . . . . . . . Garrison Status 1 | . . . . . . . 1 . . . . . . . . . . . . . . . . . . . . . . . Hauler Manifests 3 | . . . 1 . 1 . . . 1 . . . . . . . . . . . . . . . . . . . . . Zone Layout 3 | . . . . . 1 . . . 1 . . . . . . . . . . . . . . . . 1 . . . . Garrison Registry 1 | . . . . . . . . . . . . . . 1 . . . . . . . . . . . . . . . . Patrol Navigation 2 | . . . . . . . . . . . . . . . . 1 . . . . . . . 1 . . . . . . Fabricator Hacks 4 | . . . . . . . . . . . . . . . 2 . . . . . . . 2 . . . . . . . Load Schematic 2 | . . . . . . . . . . . . . . . 1 . . . . . . . 1 . . . . . . . Build 2 | . . . . . . . . . . . . . . . 1 . . . . . . . 1 . . . . . . . Repair Station Hacks 9 | . . . . . . . . . 4 . . . 3 . . . . . 1 . . . . . . 1 . . . . Scan Component 4 | . . . . . . . . . 2 . . . 2 . . . . . . . . . . . . . . . . . Repair 3 | . . . . . . . . . 2 . . . 1 . . . . . . . . . . . . . . . . . Refit 2 | . . . . . . . . . . . . . . . . . . . 1 . . . . . . 1 . . . . Recycling Unit Hacks 3 | . . . . . . . . . . . . . . . . . . . 1 . . . . . 1 . 1 . . . Retrieve Components 3 | . . . . . . . . . . . . . . . . . . . 1 . . . . . 1 . 1 . . . Scanalyzer 9 | . . . 2 . 1 . . . 3 . 1 . 1 . . . . . . . . . . . 1 . . . . . Retrieve Study 9 | . . . 2 . 1 . . . 3 . 1 . 1 . . . . . . . . . . . 1 . . . . . Garrison Access Hacks 11 | . . . . . 1 . 1 . 1 . 1 . 1 . 1 . . . 1 . 1 . 1 . . . 1 . 1 . Unlock Access 11 | . . . . . 1 . 1 . 1 . 1 . 1 . 1 . . . 1 . 1 . 1 . . . 1 . 1 . Unauthorized Hacks 52 | . 9 . 6 . 10 . 11 . 9 . . . . . 1 . 1 . . . 2 . 2 . 1 . . . . . Terminals 41 | . 7 . 4 . 9 . 10 . 8 . . . . . . . 1 . . . 1 . 1 . . . . . . . Botnet 17 | . 2 . 2 . 4 . 3 . 3 . . . . . . . 1 . . . 1 . 1 . . . . . . . Operators 1 | . . . . . . . 1 . . . . . . . . . . . . . . . . . . . . . . . Skim 22 | . 5 . 2 . 4 . 6 . 5 . . . . . . . . . . . . . . . . . . . . . Search 1 | . . . . . 1 . . . . . . . . . . . . . . . . . . . . . . . . . Fabricators 2 | . . . . . . . . . . . . . . . . . . . . . 1 . . . 1 . . . . . Liberate 2 | . . . . . . . . . . . . . . . . . . . . . 1 . . . 1 . . . . . Repair Stations . | . . . . . . . . . . . . . . . . . . . . . . . . . . . . . . . Recycling Units 6 | . 2 . 2 . 1 . 1 . . . . . . . . . . . . . . . . . . . . . . . Tunnel 6 | . 2 . 2 . 1 . 1 . . . . . . . . . . . . . . . . . . . . . . . Scanalyzers . | . . . . . . . . . . . . . . . . . . . . . . . . . . . . . . . Garrison Access 3 | . . . . . . . . . 1 . . . . . 1 . . . . . . . 1 . . . . . . . Reprogram 3 | . . . . . . . . . 1 . . . . . 1 . . . . . . . 1 . . . . . . . Data Cores Recovered 2 | . . . . . 1 . . . . . . . . . . . . . . . . . 1 . . . . . . . Used 1 | . . . . . 1 . . . . . . . . . . . . . . . . . . . . . . . . . Hacking Detections 89 | . 4 . 8 1 7 4 10 4 10 1 3 1 4 1 3 1 3 . 5 1 2 2 2 1 6 2 2 . 1 . Full Trace Events 3 | . . . 1 . . . . . . . . . . . 1 . . . . . . . 1 . . . . . . . Feedback Events . | . . . . . . . . . . . . . . . . . . . . . . . . . . . . . . . Feedback Blocked . | . . . . . . . . . . . . . . . . . . . . . . . . . . . . . . . Robot Schematics Acquired . | . . . . . . . . . . . . . . . . . . . . . . . . . . . . . . . Robots Built . | . . . . . . . . . . . . . . . . . . . . . . . . . . . . . . . Authchips . | . . . . . . . . . . . . . . . . . . . . . . . . . . . . . . . Time . | . . . . . . . . . . . . . . . . . . . . . . . . . . . . . . . Total Robot Build Rating . | . . . . . . . . . . . . . . . . . . . . . . . . . . . . . . . Part Schematics Acquired 2 | . 2 . . . . . . . . . . . . . . . . . . . . . . . . . . . . . Parts Built 1 | . . . . . . . . . . . . . . . . . . . . . . . 1 . . . . . . . Authchips . | . . . . . . . . . . . . . . . . . . . . . . . . . . . . . . . Time 76 | . . . . . . . . . . . . . . . 51 . . . . . . . 25 . . . . . . . Total Part Build Rating 1 | . . . . . . . . . . . . . . . . . . . . . . . 1 . . . . . . . Part Studies Acquired 9 | . . . 2 . 1 . . . 3 . 1 . 1 . . . . . . . . . . . 1 . . . . . Parts Repaired 3 | . . . . . . . . . 2 . . . 1 . . . . . . . . . . . . . . . . . Time 120 | . . . . . . . . . 82 . . . 38 . . . . . . . . . . . . . . . . . Parts Recycled . | . . . . . . . . . . . . . . . . . . . . . . . . . . . . . . . Recycled Matter . | . . . . . . . . . . . . . . . . . . . . . . . . . . . . . . . Retrieved Matter . | . . . . . . . . . . . . . . . . . . . . . . . . . . . . . . . Retrieved Components 9 | . . . . . . . . . . . . . . . . . . . 9 . . . . . . . . . . . Parts Scanalyzed . | . . . . . . . . . . . . . . . . . . . . . . . . . . . . . . . Part Schematics Acquired . | . . . . . . . . . . . . . . . . . . . . . . . . . . . . . . . Parts Damaged . | . . . . . . . . . . . . . . . . . . . . . . . . . . . . . . . Bothacking | -11 -10 -10 -9 -9 -8 -8 -8 -8 -8 -8 -7 -7 -6 -6 -6 -6 -5 -5 -5 -5 -5 -5 -4 -4 -3 -3 -2 -2 -1 -1 ------------ Run | Yrd Mat Min Mat Min Mat Gar Mat Gar Mat Gar Fac Gar Fac Gar Fac Gar Fac Was Fac Gar Fac Gar Fac Gar Res Tes Res Gar Acc Gar Used RIF Installer 10 | . . . . . . 1 . 1 . 1 . 2 . 1 . 1 . . . 1 . 1 . 1 . . . . . . Coupler Efficiency 1 | . . . . . . . . . . . . . . . . 1 . . . . . . . . . . . . . . Code Merge 1 | . . . . . . . . . . . . . . . . . . . . . . . . 1 . . . . . . Threat Obfuscator 1 | . . . . . . . . . . . . . . . . . . . . . . 1 . . . . . . . . Zone Cloak 2 | . . . . . . . . 1 . . . 1 . . . . . . . . . . . . . . . . . . Robot Detection 1 | . . . . . . . . . . . . . . . . . . . . 1 . . . . . . . . . . Watcher Feeds 1 | . . . . . . . . . . . . . . 1 . . . . . . . . . . . . . . . . Alert ID Control 1 | . . . . . . . . . . . . 1 . . . . . . . . . . . . . . . . . . Autooverride 1 | . . . . . . . . . . 1 . . . . . . . . . . . . . . . . . . . . Robots Hacked 124 | . . . . . . 2 1 2 . 1 1 1 3 7 5 10 13 . . 9 14 26 6 15 8 . . . . . Non-combat 17 | . . . . . . . 1 . . . . . 2 . 2 1 5 . . . 2 . 1 . 3 . . . . . Combat 107 | . . . . . . 2 . 2 . 1 1 1 1 7 3 9 8 . . 9 12 26 5 15 5 . . . . . Autooverrided 15 | . . . . . . . . . . . . . . 1 . . 1 . . 2 2 3 2 4 . . . . . . Robot Hacks Applied 126 | . . . . . . 2 1 2 . 1 2 1 5 7 7 11 13 . . 7 12 25 4 12 14 . . . . . parse_system 9 | . . . . . . . . . . . . . 2 . . 2 1 . . . . 2 . 1 1 . . . . . no_distress 2 | . . . . . . . . . . . . . . . . . 2 . . . . . . . . . . . . . map_walls 5 | . . . . . . . . . . . . . . . 1 . 1 . . . 2 . 1 . . . . . . . drop_inventory 3 | . . . . . . . . . . . . . . . . . 1 . . . . . . . 2 . . . . . find_recycling 1 | . . . . . . . . . . . . . 1 . . . . . . . . . . . . . . . . . purge_threat 11 | . . . . . . . . . . . . . . . 3 . 2 . . . . . . . 6 . . . . . scatter_targeting 1 | . . . . . . . . . . . . . . . . 1 . . . . . . . . . . . . . . reboot_system 2 | . . . . . . . . 1 . . . 1 . . . . . . . . . . . . . . . . . . overwrite_iff 26 | . . . . . . . . . . . 1 . . 4 . 1 3 . . . 5 8 . 3 1 . . . . . formatsys_low 3 | . . . . . . . . . . . . . 1 . . 1 . . . . . . . . 1 . . . . . formatsys_high 63 | . . . . . . 2 1 1 . 1 1 . 1 3 3 6 3 . . 7 5 15 3 8 3 . . . . . Relay Couplers Released 138 | . . . . . . 14 . 16 . 3 . 9 . 13 . 20 . . . 21 . 20 4 18 . . . . . . Machine Destruction 134 | . . . . . . 14 . 16 . 3 . 9 . 13 . 20 . . . 21 . 20 . 18 . . . . . . Programmers 4 | . . . . . . . . . . . . . . . . . . . . . . . 4 . . . . . . . Attached 59 | . . . . . . 2 1 1 . 2 . . 3 3 4 6 2 1 . 8 3 11 1 7 4 . . . . . Merged Code Value 9 | . . . . . . . . . . . . . . . . . . . . . . . . 9 . . . . . . Fabnet Peak Effective % . | . . . . . . . . . . . . . . . . . . . . . . . . . . . . . . . Robots Rewired 34 | . . . . . . . . 6 . . . 3 . . . 3 . . . 3 . 5 . 14 . . . . . . Allies Hacked 10 | . . . . . . . . . . . . . 1 . . 1 1 . . . 1 1 . . 5 . . . . . Hacks Repelled . | . . . . . . . . . . . . . . . . . . . . . . . . . . . . . . . Allies | -11 -10 -10 -9 -9 -8 -8 -8 -8 -8 -8 -7 -7 -6 -6 -6 -6 -5 -5 -5 -5 -5 -5 -4 -4 -3 -3 -2 -2 -1 -1 -------- Run | Yrd Mat Min Mat Min Mat Gar Mat Gar Mat Gar Fac Gar Fac Gar Fac Gar Fac Was Fac Gar Fac Gar Fac Gar Res Tes Res Gar Acc Gar Total Allies 159 | . . 2 . 3 . 4 1 7 1 1 1 3 2 7 6 11 7 . . 12 17 30 7 29 8 . . . . . Largest Group 16 | . . 2 2 3 3 3 3 4 2 1 1 3 3 4 4 6 7 . . 4 7 11 12 13 16 . . . . . Highest-Rated Group 717 | . . 46 46 40 40 62 61 160 56 15 30 129 87 128 172 437 427 . . 136 337 670 717 383 627 . . . . . Highest-Rated Ally 142 | . . 31 31 16 16 31 31 40 31 15 30 43 43 32 85 99 142 . . 49 68 119 119 116 89 . . . . . Total Orders 23 | . . . . . . . . . . . . . 1 . . 5 3 . 4 . 2 6 . . 2 . . . . . STAY 7 | . . . . . . . . . . . . . . . . 1 1 . . . 1 3 . . 1 . . . . . ROAM 2 | . . . . . . . . . . . . . . . . 1 1 . . . . . . . . . . . . . FOLLOW 8 | . . . . . . . . . . . . . . . . 2 1 . . . 1 3 . . 1 . . . . . AID 2 | . . . . . . . . . . . . . 1 . . 1 . . . . . . . . . . . . . . EXPLORE 4 | . . . . . . . . . . . . . . . . . . . 4 . . . . . . . . . . . Ally Attacks 880 | . . . 38 4 20 39 34 31 16 9 4 17 11 27 25 63 92 . . 33 96 78 101 48 94 . . . . . Total Damage 25034 | . . . 522 27 170 614 688 617 287 211 160 641 388 1273 408 1665 2860 . . 494 3145 2312 4373 1703 2476 . . . . . Kills 186 | . . . 13 1 2 7 2 6 4 . 2 6 3 8 7 14 22 . . 4 15 19 28 11 12 . . . . . Allies Corrupted 13 | . . . . . . . . . . . . . . . . . 2 . . . 2 1 3 1 4 . . . . . Allies Melted 2 | . . . . . . . . . . . . . . . . . . . . . 1 1 . . . . . . . . Intel | -11 -10 -10 -9 -9 -8 -8 -8 -8 -8 -8 -7 -7 -6 -6 -6 -6 -5 -5 -5 -5 -5 -5 -4 -4 -3 -3 -2 -2 -1 -1 ------- Run | Yrd Mat Min Mat Min Mat Gar Mat Gar Mat Gar Fac Gar Fac Gar Fac Gar Fac Was Fac Gar Fac Gar Fac Gar Res Tes Res Gar Acc Gar Active Infowar (turns) 4674 | 12 137 . . . . . . . 89 . . . . . 414 . 1560 107 1012 856 . . . . . . 257 50 180 . Sensors 3486 | . . . . . . . . . . . . . . . 414 . 1560 107 876 42 . . . . . . 257 50 180 . IFF 688 | . . . . . . . . . . . . . . . . . . . 53 635 . . . . . . . . . . Traps 1328 | . . . . . . . . . . . . . . . . . . . 472 856 . . . . . . . . . . Seismic 149 | 12 137 . . . . . . . . . . . . . . . . . . . . . . . . . . . . . T.N.C. 210 | . . . . . . . . . . . . . . . . . 103 107 . . . . . . . . . . . . Machine Analysis 89 | . . . . . . . . . 89 . . . . . . . . . . . . . . . . . . . . . Jamming 136 | . . . . . . . . . . . . . . . . . . . 136 . . . . . . . . . . . Robot Analysis Total 2 | . 2 . . . . . . . . . . . . . . . . . . . . . . . . . . . . . Derelict Logs Recovered 1 | . . . . 1 . . . . . . . . . . . . . . . . . . . . . . . . . . Drone Launches 4 | . . . . . . . . . . . . . . . . . . . 4 . . . . . . . . . . . Drone Recoveries 3 | . . . . . . . . . . . . . . . . . . . 3 . . . . . . . . . . . Exploration | -11 -10 -10 -9 -9 -8 -8 -8 -8 -8 -8 -7 -7 -6 -6 -6 -6 -5 -5 -5 -5 -5 -5 -4 -4 -3 -3 -2 -2 -1 -1 ------------- Run | Yrd Mat Min Mat Min Mat Gar Mat Gar Mat Gar Fac Gar Fac Gar Fac Gar Fac Was Fac Gar Fac Gar Fac Gar Res Tes Res Gar Acc Gar Turns Passed 32335 | 104 1412 183 2280 442 906 1181 1880 1107 2089 1123 574 977 521 1370 871 1767 2064 145 1592 1810 1381 1880 464 1837 1161 217 535 50 342 70 Spaces Moved 18347 | 51 557 114 1308 303 603 862 969 787 960 600 305 530 282 714 384 851 1018 109 766 822 649 977 302 940 785 219 675 110 774 21 Core 241 | 6 . . . . . . . . . . . . . . . . . 68 21 . . . . . 34 21 . . 70 21 Treads 9058 | 45 557 114 371 . . . . . 596 600 305 530 282 559 384 851 1018 41 745 822 649 586 . . 3 . . . . . Legs 7206 | . . . 937 303 603 862 969 787 364 . . . . . . . . . . . . 391 302 940 748 . . . . . Wheels 161 | . . . . . . . . . . . . . . 155 . . . . . . . . . . . 6 . . . . Hover 76 | . . . . . . . . . . . . . . . . . . . . . . . . . . . . . 76 . Flight 1605 | . . . . . . . . . . . . . . . . . . . . . . . . . . 192 675 110 628 . Fastest Speed 30 | 50 160 160 133 133 108 108 105 97 101 145 145 145 145 115 175 175 170 50 50 166 162 105 115 115 50 50 30 30 30 50 Average Speed 132 | 150 160 160 141 133 117 108 107 100 129 145 145 146 145 150 175 175 174 95 164 166 163 154 115 119 112 79 63 30 37 69 Slowest Speed 250 | 160 160 160 240 133 133 108 181 105 225 145 145 185 145 175 175 175 175 170 245 170 170 240 116 190 180 95 82 30 70 250 Overloaded Moves . | . . . . . . . . . . . . . . . . . . . . . . . . . . . . . . . Propulsion Burnouts . | . . . . . . . . . . . . . . . . . . . . . . . . . . . . . . . Robots Hopped 62 | . . . . . . . . . . . . . . . . . . . . . . . . . . 6 14 2 40 . Potential Cave-ins 9 | . . . . . . . 7 . . . . . . . . . . . . . . . . . . . . . 2 . Cave-ins Triggered 1 | . . . . . . . . . . . . . . . . 1 . . . . . . . . . . . . . . Exploration Rate (%) 50 | 3 94 36 97 67 50 90 84 83 78 67 8 60 13 83 9 85 34 74 25 67 21 84 13 93 17 29 20 37 27 6 Regions Visited 30 Branch Regions 3 Pre-discovered Areas 10 | . 4 . 2 . 1 . 2 . 1 . . . . . . . . . . . . . . . . . . . . . Known Exits Taken 14 | . 1 1 1 . 1 . 1 . 1 . 1 . 1 . 1 . . . 1 . 1 . 1 . . . 1 . 1 . Unknown Exits Taken 4 | 1 . . . 1 . . . . . . . . . . . . . . . . . . . . 1 1 . . . . Scrap Searched 2 | . . 1 . 1 . . . . . . . . . . . . . . . . . . . . . . . . . . Spaces Dug 202 | . . . . . . . 66 . 23 21 7 . . . . 56 3 . 8 3 2 3 . 1 . . . . 8 1 Terrain Destroyed 1986 | . . . 6 . 21 81 184 154 131 98 38 111 40 69 123 286 43 142 47 32 89 12 31 224 3 . 12 . 8 1 Melee . | . . . . . . . . . . . . . . . . . . . . . . . . . . . . . . . Projectile 148 | . . . . . . 3 . . . 1 . . . 1 12 . 17 . 8 32 30 11 . 20 3 . 1 . 8 1 AOE 1837 | . . . 6 . 21 78 184 154 131 97 38 111 40 68 111 286 26 142 39 . 59 . 31 204 . . 11 . . . Terrain Rammed . | . . . . . . . . . . . . . . . . . . . . . . . . . . . . . . . Walls Destroyed . | . . . . . . . . . . . . . . . . . . . . . . . . . . . . . . . Machines Disabled . | . . . . . . . . . . . . . . . . . . . . . . . . . . . . . . . Actions | -11 -10 -10 -9 -9 -8 -8 -8 -8 -8 -8 -7 -7 -6 -6 -6 -6 -5 -5 -5 -5 -5 -5 -4 -4 -3 -3 -2 -2 -1 -1 --------- Run | Yrd Mat Min Mat Min Mat Gar Mat Gar Mat Gar Fac Gar Fac Gar Fac Gar Fac Was Fac Gar Fac Gar Fac Gar Res Tes Res Gar Acc Gar Total 24357 | 66 976 115 1606 325 729 1021 1735 995 1711 739 403 662 375 932 516 1045 1210 134 1009 1077 872 1265 386 1453 1028 245 756 124 780 67 Wait 3051 | . 335 2 148 10 32 59 649 38 646 33 42 33 46 59 55 37 54 3 129 58 109 70 40 137 122 . 52 . 18 35 Move 18211 | 50 556 113 1307 302 603 861 969 786 959 599 305 529 282 713 383 850 1018 108 766 821 649 976 301 939 784 206 649 105 701 21 Hop 53 | . . . . . . . . . . . . . . . . . . . . . . . . . . 6 12 2 33 . Pick Up 216 | 4 12 . 27 2 4 7 3 4 12 2 6 9 3 19 2 17 7 2 15 12 6 10 3 13 11 . 4 . . . Fast Attach 254 | 7 2 . 7 . 11 . 13 4 13 2 4 2 8 12 5 5 16 2 23 11 12 25 2 23 14 7 19 . 5 . Attach 134 | . . . 5 1 3 3 3 3 1 5 2 13 6 12 5 9 6 . 6 9 . 6 3 16 9 3 2 . 2 1 Detach 56 | . 1 . 1 . 1 . 2 . 2 3 1 6 1 3 2 3 4 . 4 1 . 1 . 7 3 5 3 . 2 . Swap 357 | . 6 . 13 . 10 15 19 33 14 18 9 12 7 20 14 33 22 1 3 13 22 21 11 30 11 . . . . . Drop 327 | . 11 . 33 2 15 6 14 17 15 2 8 5 8 29 6 14 13 2 10 19 12 24 4 23 22 3 9 . 1 . Fire 1351 | 5 53 . 64 8 50 68 60 58 49 73 20 38 7 63 43 72 69 16 51 109 61 80 22 132 49 7 6 . 8 10 Melee 38 | . . . . . . 2 1 15 . 2 5 6 7 . . . . . . . . . . . . . . . . . Ram 12 | . . . . . . . . . . . . . . . . . . . . . . . . . 2 . . . 10 . Kick 3 | . . . 1 . . . 2 . . . . . . . . . . . . . . . . . . . . . . . Crush 4 | . . . . . . . . . . . . . . . 1 . 1 . 2 . . . . . . . . . . . Escape Stasis 62 | . . . . . . . . 14 . . . . . 1 . . . . . . . 1 . 21 . 8 . 17 . . Rewire 216 | . . . . . . . . 12 . . . 9 . 1 . 5 . . . 24 1 51 . 112 1 . . . . . Trap 1 | . . . . . . . . . . . 1 . . . . . . . . . . . . . . . . . . . Miscellaneous 11 | . . . . . . . . 11 . . . . . . . . . . . . . . . . . . . . . . Route ------- -11/Scrapyard -10/Materials (discovered 6 exits: *Mat x3 / *Min x2 / *Sub) -10/Mines (discovered 2 exits: *Mat / Sub) -9/Materials (discovered 4 exits: *Mat x3 / *Min) -9/Mines -8/Materials (discovered 3 exits: *Fac / *Sto / Gar) -8/Garrison (discovered 3 exits: *Mat x3) -8/Materials (discovered 5 exits: *Fac x3 / *Sto / Gar) -8/Garrison (discovered 4 exits: *Fac x3 / *Mat) -8/Materials (discovered 4 exits: *Fac x2 / *Sto / Gar) -8/Garrison (discovered 3 exits: *Fac x3) -7/Factory (discovered 3 exits: Low x2 / Gar) -7/Garrison -6/Factory -6/Garrison (discovered 3 exits: *Fac x3) -6/Factory (discovered 3 exits: *Fac / [*Low] / Gar) -6/Garrison (discovered 3 exits: *Fac x3) -5/Factory -5/Waste -5/Factory (discovered 2 exits: *Upp / Gar) -5/Garrison (discovered 4 exits: *Fac x4) -5/Factory (discovered 2 exits: *Fac / Gar) -5/Garrison (discovered 3 exits: *Fac x3) -4/Factory -4/Garrison (discovered 3 exits: *Res x3) -3/Research -3/Testing -2/Research -2/Garrison -1/Access -1/Garrison History --------- Turn | Location | Event 18 | -11/Scrapyard | Discovered new exit (range 15) 105 | -11/Scrapyard | Entered Materials 301 | -10/Materials | Build established: Mutant 377 | -10/Materials | Discovered new exit (range 8) 512 | -10/Materials | Discovered new exit (range 12) 605 | -10/Materials | Derelicts attacked the area 614 | -10/Materials | Discovered new exit (range 16) 681 | -10/Materials | Core integrity fell below 50% 736 | -10/Materials | Discovered new exit (range 16) 1020 | -10/Materials | Discovered new exit (range 16) 1172 | -10/Materials | Core integrity fell below 20% 1194 | -10/Materials | Discovered new exit (range 14) 1317 | -10/Materials | Learned 2 Mines zone layouts 1352 | -10/Materials | Learned location of 2 exits from Subcaves 1376 | -10/Materials | Learned location of Storage (-8) 1391 | -10/Materials | Learned 4 Recycling zone layouts 1395 | -10/Materials | Identified exit to Mines 1395 | -10/Materials | Identified exit to Subcaves 1396 | -10/Materials | Learned Storage emergency access door positions 1409 | -10/Materials | Learned 2 Storage zone layouts 1517 | -10/Materials | Entered Mines 1518 | -10/Mines | Identified exit to Materials 1601 | -10/Mines | Found a Scrap Suit stashed away for nefarious purposes 1700 | -10/Mines | Entered Materials 1700 | -9/Materials | Accompanied by 2 allies 1700 | -9/Materials | Evolved 2 slots: Propulsion x1, Weapon x1 1701 | -9/Materials | Identified exit to Mines 1705 | -9/Materials | Led the pair of lost Derelicts to an unsafe place 1996 | -9/Materials | Build established: Tank 2524 | -9/Materials | Destroyed 9 combat bots 2840 | -9/Materials | Discovered new exit (range 11) 3416 | -9/Materials | Discovered new exit (range 16) 3804 | -9/Materials | Discovered new exit (range 16) 3980 | -9/Materials | Entered Mines 4166 | -9/Mines | Received a Rocket Launcher from a helpful Derelict 4196 | -9/Mines | Assisted by bots powering up and referring to "LRC-V3" 4295 | -9/Mines | Discovered new exit (range 13) 4367 | -9/Mines | Learned location of 1 exit from Materials 4422 | -9/Mines | Entered Materials 4422 | -8/Materials | Accompanied by 3 allies 4422 | -8/Materials | Evolved 2 slots: Propulsion x1, Utility x1 4423 | -8/Materials | Identified exit to Storage 4424 | -8/Materials | Identified exit to Factory 4470 | -8/Materials | Central database locked down 4853 | -8/Materials | Build established: Scavenger-Gunner 5207 | -8/Materials | Build established: Gunner 5268 | -8/Materials | Garrison activated, responded to threat 5328 | -8/Materials | Identified exit to Garrison 5328 | -8/Materials | Entered Garrison 5351 | -8/Garrison | Installed Relay Interface Framework 5410 | -8/Garrison | Triggered checkpoint 5438 | -8/Garrison | Spotted B-75 Beast 5438 | -8/Garrison | Spotted B-75 Beast 5581 | -8/Garrison | Destroyed 7 combat bots 5620 | -8/Garrison | Rescued a captive Derelict 5622 | -8/Garrison | Rescued a captive Derelict 5638 | -8/Garrison | Discovered new exit (range 3) 5696 | -8/Garrison | Triggered checkpoint 5713 | -8/Garrison | Triggered checkpoint 5745 | -8/Garrison | Discovered new exit (range 10) 5788 | -8/Garrison | Triggered checkpoint 5875 | -8/Garrison | Garrison Relay disabled 5938 | -8/Garrison | Triggered checkpoint 5944 | -8/Garrison | Triggered checkpoint 6048 | -8/Garrison | Discovered new exit (range 10) 6052 | -8/Garrison | Triggered checkpoint 6086 | -8/Garrison | Garrison Relay disabled 6266 | -8/Garrison | Garrison Relay disabled 6509 | -8/Garrison | Entered Materials 6509 | -8/Materials | Accompanied by 3 allies 6744 | -8/Materials | Discovered exit to Factory (range 12) 6910 | -8/Materials | Discovered exit to Factory (range 5) 7018 | -8/Materials | Discovered exit to Storage (range 3) 7283 | -8/Materials | Learned 4 Factory zone layouts 7347 | -8/Materials | Learned location of 1 exit from Lower Caves 7400 | -8/Materials | Learned Factory emergency access door positions 7441 | -8/Materials | Learned Factory security intel 7527 | -8/Materials | Learned location of Zion (-6) 7573 | -8/Materials | Learned 2 Lower Caves zone layouts 7631 | -8/Materials | Learned Factory repair station intel 7698 | -8/Materials | Learned 4 Recycling zone layouts 7709 | -8/Materials | First assault squad dispatched 8383 | -8/Materials | Identified exit to Garrison 8389 | -8/Materials | Entered Garrison 8407 | -8/Garrison | Triggered checkpoint 8431 | -8/Garrison | Triggered checkpoint 8501 | -8/Garrison | Garrison Relay disabled 8587 | -8/Garrison | Triggered checkpoint 8631 | -8/Garrison | Expanded RIF knowledge: Zone Cloak 8666 | -8/Garrison | Triggered checkpoint 8672 | -8/Garrison | Triggered checkpoint 8753 | -8/Garrison | Triggered checkpoint 8783 | -8/Garrison | Garrison Relay disabled 8841 | -8/Garrison | Phase Generator disabled 8870 | -8/Garrison | Garrison Relay disabled 8986 | -8/Garrison | Core integrity fell below 50% 9126 | -8/Garrison | Discovered exit to Factory (range 3) 9263 | -8/Garrison | Garrison Relay disabled 9415 | -8/Garrison | Triggered checkpoint 9422 | -8/Garrison | Discovered new exit (range 13) 9468 | -8/Garrison | Destroyed 8 combat bots 9483 | -8/Garrison | Build established: Bothacker-Gunner 9496 | -8/Garrison | Entered Materials 9496 | -8/Materials | Accompanied by 2 allies 9719 | -8/Materials | Discovered exit to Storage (range 13) 9890 | -8/Materials | Repaired Imp. Carbon-fiber Leg 9949 | -8/Materials | Build established: Scavenger-Tank 10039 | -8/Materials | Repaired VSS Leg 10232 | -8/Materials | Discovered exit to Factory (range 16) 10363 | -8/Materials | Build established: Tank 10465 | -8/Materials | Learned location of 1 exit from Storage 10512 | -8/Materials | Learned Storage trap positions 10522 | -8/Materials | Learned Factory stockpile data 10574 | -8/Materials | Learned location of Extension (-5) 10880 | -8/Materials | Discovered exit to Factory (range 10) 10897 | -8/Materials | Central database locked down 11073 | -8/Materials | Identified exit to Garrison 11496 | -8/Materials | First assault squad dispatched 11576 | -8/Materials | Garrison activated, responded to threat 11578 | -8/Materials | Core integrity fell below 20% 11585 | -8/Materials | Entered Garrison 11585 | -8/Garrison | Accompanied by 1 ally 11784 | -8/Garrison | Triggered checkpoint 11786 | -8/Garrison | Triggered checkpoint 12009 | -8/Garrison | Discovered exit to Factory (range 15) 12121 | -8/Garrison | Expanded RIF knowledge: Autooverride 12237 | -8/Garrison | Triggered checkpoint 12287 | -8/Garrison | Garrison Relay disabled 12363 | -8/Garrison | Discovered exit to Factory (range 9) 12441 | -8/Garrison | Triggered checkpoint 12648 | -8/Garrison | Discovered exit to Factory (range 10) 12708 | -8/Garrison | Entered Factory 12708 | -7/Factory | Evolved 2 slots: Utility x2 12709 | -7/Factory | Identified exit to Lower Caves 12714 | -7/Factory | Loaded intel: 6 repair station locations 13034 | -7/Factory | Build established: Gunner 13182 | -7/Factory | Garrison activated, responded to threat 13271 | -7/Factory | Identified exit to Garrison 13282 | -7/Factory | Entered Garrison 13282 | -7/Garrison | Accompanied by 1 ally 13452 | -7/Garrison | Triggered checkpoint 13499 | -7/Garrison | Phase Generator disabled 13555 | -7/Garrison | Triggered checkpoint 13616 | -7/Garrison | Expanded RIF knowledge: Alert ID Control 13668 | -7/Garrison | Triggered checkpoint 13716 | -7/Garrison | Triggered checkpoint 13742 | -7/Garrison | Triggered checkpoint 13771 | -7/Garrison | Build established: Tank 13862 | -7/Garrison | Garrison Relay disabled 13932 | -7/Garrison | Triggered checkpoint 13948 | -7/Garrison | Triggered checkpoint 13955 | -7/Garrison | Triggered checkpoint 14020 | -7/Garrison | Discovered new exit (range 14) 14077 | -7/Garrison | Triggered checkpoint 14117 | -7/Garrison | Expanded RIF knowledge: Zone Cloak 14163 | -7/Garrison | Garrison Relay disabled 14259 | -7/Garrison | Entered Factory 14259 | -6/Factory | Accompanied by 1 ally 14259 | -6/Factory | Evolved 2 slots: Utility x2 14436 | -6/Factory | Build established: Bothacker-Tank 14578 | -6/Factory | Repaired Adv. Treads+ 14681 | -6/Factory | Central database locked down 14780 | -6/Factory | Identified exit to Garrison 14780 | -6/Factory | Entered Garrison 14780 | -6/Garrison | Accompanied by 1 ally 14836 | -6/Garrison | H-XX Assembler disabled 14936 | -6/Garrison | Triggered checkpoint 14969 | -6/Garrison | Garrison Relay disabled 15047 | -6/Garrison | Triggered checkpoint 15137 | -6/Garrison | Triggered checkpoint 15145 | -6/Garrison | Triggered checkpoint 15173 | -6/Garrison | Destroyed 7 combat bots 15315 | -6/Garrison | Discovered new exit (range 10) 15378 | -6/Garrison | Triggered checkpoint 15433 | -6/Garrison | Garrison Relay disabled 15636 | -6/Garrison | Triggered checkpoint 15659 | -6/Garrison | Discovered new exit (range 14) 15675 | -6/Garrison | Discovered new exit (range 7) 15675 | -6/Garrison | Discovered new exit (range 75) 15675 | -6/Garrison | Discovered new exit (range 76) 15712 | -6/Garrison | Garrison Relay disabled 15817 | -6/Garrison | Found Fusion Bomb Launcher 15820 | -6/Garrison | Found Fusion Bomb Launcher 15978 | -6/Garrison | Triggered checkpoint 16000 | -6/Garrison | Garrison Relay disabled 16036 | -6/Garrison | Expanded RIF knowledge: Watcher Feeds 16150 | -6/Garrison | Entered Factory 16150 | -6/Factory | Accompanied by 2 allies 16159 | -6/Factory | Discovered new exit (range 8) 16364 | -6/Factory | Build established: Botlord-Tank 16388 | -6/Factory | Discovered new exit (range 7) 16552 | -6/Factory | Garrison activated, responded to threat 16738 | -6/Factory | Spotted B-75 Beast 16854 | -6/Factory | Assimilated Beast 5a with formatsys_high 16992 | -6/Factory | Identified exit to Garrison 17006 | -6/Factory | Watched by a mysterious "MATRIX" hacker. 17009 | -6/Factory | Garrison activated, responded to threat 17021 | -6/Factory | Entered Garrison 17021 | -6/Garrison | Accompanied by 4 allies 17121 | -6/Garrison | Expanded RIF knowledge: Coupler Efficiency 17262 | -6/Garrison | Phase Generator disabled 17371 | -6/Garrison | Triggered checkpoint 17402 | -6/Garrison | Garrison Relay disabled 17558 | -6/Garrison | Lost 5 allies 17622 | -6/Garrison | Triggered checkpoint 17631 | -6/Garrison | Triggered checkpoint 17631 | -6/Garrison | Triggered checkpoint 17691 | -6/Garrison | Garrison Relay disabled 17750 | -6/Garrison | Discovered new exit (range 13) 17769 | -6/Garrison | Identified exit to Factory 17953 | -6/Garrison | Triggered checkpoint 18123 | -6/Garrison | Found Relay Coupler [Proto] 18125 | -6/Garrison | Found Relay Coupler [Proto] 18128 | -6/Garrison | Found Relay Coupler [Proto] 18135 | -6/Garrison | Found Relay Coupler [Proto] 18245 | -6/Garrison | Discovered exit to Factory (range 8) 18500 | -6/Garrison | Discovered exit to Factory (range 15) 18503 | -6/Garrison | Spotted Striker 18505 | -6/Garrison | Spotted Striker 18512 | -6/Garrison | Assimilated Striker with formatsys_high 18521 | -6/Garrison | Allies destroyed Striker 18532 | -6/Garrison | Rewired Striker 18561 | -6/Garrison | Crushed by falling debris 18586 | -6/Garrison | Rewired Striker 18699 | -6/Garrison | Triggered checkpoint 18714 | -6/Garrison | Garrison Relay disabled 18788 | -6/Garrison | Entered Factory 18788 | -5/Factory | Accompanied by 6 allies 18788 | -5/Factory | Evolved 2 slots: Utility x2 19347 | -5/Factory | Build established: Botlord-Skirmisher 19883 | -5/Factory | Discovered new exit (range 18) 19903 | -5/Factory | Lost 4 allies 19989 | -5/Factory | Identified exit to Factory 20036 | -5/Factory | Cargo convoy interrupted 20382 | -5/Factory | Garrison activated, responded to threat 20492 | -5/Factory | Destroyed 10 combat bots 20686 | -5/Factory | Build established: Botlord-Tank 20852 | -5/Factory | Sucked down chute 20852 | -5/Factory | Entered Waste 20867 | -5/Waste | EMP discharged 20867 | -5/Waste | System corruption reached 10% 20870 | -5/Waste | Spotted C-40 Crusher 20886 | -5/Waste | Spotted C-40 Crusher 20895 | -5/Waste | Destroyed C-40 Crusher 20932 | -5/Waste | Spotted C-40 Crusher 20934 | -5/Waste | Spotted C-40 Crusher 20954 | -5/Waste | Spotted C-40 Crusher 20959 | -5/Waste | Released all parts (15) 20967 | -5/Waste | EMP discharged 20977 | -5/Waste | Spotted C-40 Crusher 20989 | -5/Waste | Discovered new exit (range 16) 20997 | -5/Waste | Entered Factory 21246 | -5/Factory | Build established: Mutant 21458 | -5/Factory | Discovered new exit (range 7) 21506 | -5/Factory | Identified exit to Upper Caves 21642 | -5/Factory | Build established: Tank 22589 | -5/Factory | Identified exit to Garrison 22589 | -5/Factory | Entered Garrison 22605 | -5/Garrison | Triggered checkpoint 22644 | -5/Garrison | Discovered new exit (range 5) 22755 | -5/Garrison | Lost 3 allies 22851 | -5/Garrison | Triggered checkpoint 22892 | -5/Garrison | Garrison Relay disabled 23075 | -5/Garrison | Destroyed 7 combat bots 23192 | -5/Garrison | Build established: Botlord-Tank 23301 | -5/Garrison | Triggered checkpoint 23412 | -5/Garrison | Garrison Relay disabled 23431 | -5/Garrison | Garrison Relay disabled 23532 | -5/Garrison | Discovered new exit (range 14) 23595 | -5/Garrison | Triggered checkpoint 23737 | -5/Garrison | Discovered new exit (range 12) 23751 | -5/Garrison | Expanded RIF knowledge: Robot Detection 23805 | -5/Garrison | Triggered checkpoint 23819 | -5/Garrison | Garrison Relay disabled 23959 | -5/Garrison | Discovered new exit (range 10) 24015 | -5/Garrison | Triggered checkpoint 24066 | -5/Garrison | Garrison Relay disabled 24241 | -5/Garrison | Triggered checkpoint 24368 | -5/Garrison | Build established: Botlord-Gunner 24399 | -5/Garrison | Entered Factory 24399 | -5/Factory | Accompanied by 3 allies 24699 | -5/Factory | First assault squad dispatched 24993 | -5/Factory | Lost 10 allies 25345 | -5/Factory | Discovered exit to Factory (range 15) 25780 | -5/Factory | Identified exit to Garrison 25780 | -5/Factory | Entered Garrison 25806 | -5/Garrison | Expanded RIF knowledge: Threat Obfuscation 25938 | -5/Garrison | Triggered checkpoint 25965 | -5/Garrison | Garrison Relay disabled 26075 | -5/Garrison | Spotted B-75 Beast 26076 | -5/Garrison | Triggered checkpoint 26119 | -5/Garrison | Allies destroyed B-75 Beast 26155 | -5/Garrison | Lost 6 allies 26205 | -5/Garrison | Lost 4 allies 26236 | -5/Garrison | Triggered checkpoint 26249 | -5/Garrison | Core integrity fell below 50% 26280 | -5/Garrison | Lost 3 allies 26281 | -5/Garrison | Lost 3 parts (1n1u1w) 26298 | -5/Garrison | Triggered checkpoint 26327 | -5/Garrison | Garrison Relay disabled 26449 | -5/Garrison | Discovered exit to Factory (range 11) 26468 | -5/Garrison | Triggered checkpoint 26487 | -5/Garrison | Garrison Relay disabled 26574 | -5/Garrison | Triggered checkpoint 26620 | -5/Garrison | Spotted Executioner 26633 | -5/Garrison | Assimilated Executioner with formatsys_high 26650 | -5/Garrison | Rewired Executioner 26689 | -5/Garrison | Rewired Executioner 26782 | -5/Garrison | Found Fusion Bomb Launcher 26958 | -5/Garrison | Triggered checkpoint 27015 | -5/Garrison | Garrison Relay disabled 27273 | -5/Garrison | Discovered exit to Factory (range 9) 27296 | -5/Garrison | Triggered checkpoint 27389 | -5/Garrison | Garrison Relay disabled 27510 | -5/Garrison | Discovered exit to Factory (range 10) 27554 | -5/Garrison | Triggered checkpoint 27574 | -5/Garrison | Triggered checkpoint 27579 | -5/Garrison | Garrison Relay disabled 27660 | -5/Garrison | Entered Factory 27660 | -4/Factory | Accompanied by 11 allies 27660 | -4/Factory | Evolved 2 slots: Power x1, Propulsion x1 27828 | -4/Factory | Fabricated Hcp. Storage Unit (x1) 27864 | -4/Factory | Build established: Botlord-Tank 28023 | -4/Factory | Garrison activated, responded to threat 28032 | -4/Factory | Garrison activated, responded to threat 28045 | -4/Factory | Identified exit to Garrison 28124 | -4/Factory | Entered Garrison 28124 | -4/Garrison | Accompanied by 1 ally 28151 | -4/Garrison | Lost 9 allies 28449 | -4/Garrison | Triggered checkpoint 28482 | -4/Garrison | Lost 3 allies 28537 | -4/Garrison | Garrison Relay disabled 28698 | -4/Garrison | Lost 6 parts (2p2n2u) 28825 | -4/Garrison | Spotted B-86 Titan 28839 | -4/Garrison | Assimilated Titan 7a with formatsys_high 28947 | -4/Garrison | Destroyed 14 combat bots 28982 | -4/Garrison | Lost 7 parts (1n5u1w) 29150 | -4/Garrison | Triggered checkpoint 29197 | -4/Garrison | Discovered new exit (range 10) 29232 | -4/Garrison | Expanded RIF knowledge: Code Merge 29280 | -4/Garrison | Triggered checkpoint 29315 | -4/Garrison | Garrison Relay disabled 29410 | -4/Garrison | Triggered checkpoint 29518 | -4/Garrison | Garrison Relay disabled 29540 | -4/Garrison | Triggered checkpoint 29602 | -4/Garrison | Discovered new exit (range 12) 29650 | -4/Garrison | Triggered checkpoint 29686 | -4/Garrison | Triggered checkpoint 29742 | -4/Garrison | Lost 5 allies 29870 | -4/Garrison | Garrison Relay disabled 29905 | -4/Garrison | Discovered new exit (range 8) 29961 | -4/Garrison | Entered Research 29961 | -3/Research | Accompanied by 13 allies 29961 | -3/Research | Evolved 2 slots: Utility x2 30375 | -3/Research | Central database locked down 30408 | -3/Research | P-80 Master assimilated allied Virus 7c 30601 | -3/Research | Found Exp. Focal Shield 30720 | -3/Research | Discovered new exit (range 6) 30807 | -3/Research | Found Gamma Bomb Array 30990 | -3/Research | Garrison activated, responded to threat 31012 | -3/Research | Cargo convoy interrupted 31050 | -3/Research | Lost 14 allies 31067 | -3/Research | Lost 8 parts (2p1n4u1w) 31100 | -3/Research | Released all parts (12) 31105 | -3/Research | Core integrity fell below 50% 31122 | -3/Research | Entered Testing 31123 | -3/Testing | Core integrity fell below 20% 31149 | -3/Testing | Lost 6 parts (3n2u1w) 31327 | -3/Testing | Discovered new exit (range 16) 31339 | -3/Testing | Entered Research 31339 | -2/Research | Evolved 2 slots: Propulsion x2 31368 | -2/Research | Lost 3 parts (2p1u) 31409 | -2/Research | Build established: Mutant 31847 | -2/Research | Lost 3 parts (1n2u) 31874 | -2/Research | Identified exit to Garrison 31874 | -2/Research | Entered Garrison 31908 | -2/Garrison | Triggered checkpoint 31908 | -2/Garrison | Triggered checkpoint 31920 | -2/Garrison | Discovered new exit (range 15) 31924 | -2/Garrison | Identified exit to Access 31924 | -2/Garrison | Entered Access 31924 | -1/Access | Evolved 2 slots: Propulsion x1, Utility x1 31974 | -1/Access | Lost 4 parts (1n2u1w) 32125 | -1/Access | Spotted B-99 Colossus 32153 | -1/Access | Build established: Sprinter 32168 | -1/Access | System corruption reached 10% 32178 | -1/Access | Core integrity fell below 50% 32218 | -1/Access | Lost 9 parts (1p3n4u1w) 32231 | -1/Access | Core integrity fell below 20% 32266 | -1/Access | Identified exit to Garrison 32266 | -1/Access | Entered Garrison 32336 | -1/Garrison | Destroyed by P-80 Master with Gamma Rifle Last Messages --------------- 32247_ An alarm sounds. 32247_ ALERT: Alarm triggered, dispatching investigation squad. 32262_ System corrupted: Energy discharge (-36). 32266_ Connecting with Garrison Access... >>Unlock Access door unlocked. 32266_ EXIT=UNLOCKED: GARRISON LOCATION=GARRISON GOAL=ESCAPE 32279_ A-27 Freighter suffers critical hit (Meltdown). 32279_ Unknown Engine melted. 32279_ Coolant Injector melted. 32279_ Prototype Device melted. 32280_ System corrupted: Matter fused (-5). 32283_ A-27 Freighter suffers critical hit (Meltdown). 32283_ Transport Network Coupler melted. 32285_ Acquired 116 matter. 32300_ System corrupted: Enh. Nova Cannon failed to cycle. 32303_ System corrupted: Matter fused (-10). 32319_ System corrupted: Matter fused (-5). Map ----- +----------------------------------------------------+ | ?????????????????????????????????????????????????? | | ?????????????????????????????????????????????????? | | ?????????????????????????????????????????????????? | | ?????????????????????????????????????????????????? | | ?????????????????????????????????????????????????? | | ?????????????????????????????????????????????????? | | ?????????????????????????????????????????????????? | | ?????????????????????????????????????????????????? | | ?????????????????????????????????????????????????? | | ?????????????????????????????????????????????????? | | ?????????????????????????????????????????????????? | | ?????????????????????????????????????????????????? | | ?????????????????????????????????????????????????? | | ?????????????????????????????????????????????????? | | ?????????????????????????????????????????????????? | | ?????????????????????????????????????????????????? | | ?????????????????????????????????????????????????? | | ?????????????????????????????######??????????????? | | ?????????????????????????????# #??????????????? | | ?????????????????????????????# #??????????????? | | ?????????????????????????????# #??????????????? | | ?????????????????????????????# ###??????????????? | | ?????????????????????????????# #????????????????? | | ????????????????????????###### #????????????????? | | ???????????????????????##A A## #????????????????? | | ???????????????????????#!@ # #????????????????? | | ???????????????????????# [ A# #????????????????? | | ???????????????????????#![ # #????????????????? | | ???????????????????????#%! A# #????????????????? | | ???????????????????????##! ## #????????????????? | | ??????????????????#### ### ### #????????????????? | | ??????????? #????????????????? | | ??????????? p #????????????????? | | ??????????????####### ###;######????????????????? | | ????????????????????# ????##?????????????????????? | | ????????????????????#????????????????????????????? | | ?????????????????????????????????????????????????? | | ?????????????????????????????????????????????????? | | ?????????????????????????????????????????????????? | | ?????????????????????????????????????????????????? | | ?????????????????????????????????????????????????? | | ?????????????????????????????????????????????????? | | ?????????????????????????????????????????????????? | | ?????????????????????????????????????????????????? | | ?????????????????????????????????????????????????? | | ?????????????????????????????????????????????????? | | ?????????????????????????????????????????????????? | | ?????????????????????????????????????????????????? | | ?????????????????????????????????????????????????? | | ?????????????????????????????????????????????????? | +----------------------------------------------------+ Best States ------------- Heat Dissipation 100 Coolant Potential 80 Energy Generation 45 Energy Capacity 1175 Matter Stores 323 Matter Capacity 800 Sight Range 16 Robot Scan Range 16 Terrain Scan Density 10 Jamming Range 12 Additional Mass Support 9 Base Temperature (-) 200 Corruption Block 15 Armor Coverage 600 Resistance: KI 30 Resistance: EM 25 Core Shielding 30 Weapon Cycling 25 Evasion (%) 74 Targeting Accuracy 8 Launcher Accuracy 40 Target Analysis 6 Core Analysis 6 Recoil Reduction 4 Particle Charging 20 Kinecelleration 40 Offensive Hacking 10 Defensive Hacking 10 Relay Coupler Types 7 Relay Coupler Value 173 Item Schematics ----------------- Lrg. Storage Unit | -10/Materials | Hacked Hcp. Storage Unit | -10/Materials | Hacked Robot Schematics ------------------ None Fabricated ------------ Hcp. Storage Unit | x1 | -4/Factory Repaired ---------- Imp. Carbon-fiber Leg | 30% | -8/Materials VSS Leg | 8% | -8/Materials Adv. Treads | 4% | -6/Factory Studied --------- Med. Laser | -9/Materials | Hacked Rocket Launcher | -9/Materials | Hacked Carbon-fiber Leg | -8/Materials | Hacked Flak Cannon | -8/Materials | Hacked Hpw. Shotgun | -8/Materials | Hacked Adv. Treads | -8/Materials | Hacked Imp. Datajack | -7/Factory | Hacked Lightning Gun | -6/Factory | Hacked Centrium Leg | -3/Research | Hacked Alien Tech Used ----------------- None Achievements -------------- Zeroed Repercussions Challenges ------------ None Game ------ Seed IntegratedPersonalMantle Manual? 0 Play Time 05:57:11 Cumulative 542.8 hours Start 2026.02.10 @ 17:55:40 End 2026.02.12 @ 21:13:57 Sessions 9 Manual Loads 0 Difficulty Rogue Special Mode None Game No. 214 Rogue 141 Adventurer 68 Explorer 5 Win Type - Total 41 Types 22/3/4/5/3/0/1/1/0/2 Lore% 85 Gallery% 77 Achievement% 67 Wizard Run 0 Options --------- Layout 0 ASCII 0 Keyboard 0 Movement Numpad Keybinds 0 Fullscreen 1 Font 24/Smallcaps Map View 76x50 Zoom Use 0% Tactical HUD 1 Map Filters NONE Filters NONE Steam 1 RUN: 2277c02c-65e6-4bed-9777-bf9a4d3bec05